 Dungeon Crawl Stone Soup version 0.30.1-9-gdf580d7c3d (webtiles) character file.

Game seed: 3251994310324068601

8263319 zen1337 the Planerender (level 27, 184/231 HPs)
             Began as a Demonspawn Conjurer on Oct 2, 2023.
             Was the Champion of Vehumet.
             Escaped with the Orb
             ... and 11 runes on Oct 8, 2023!
             The game lasted 14:52:43 (110608 turns).

zen1337 the Planerender (Demonspawn Conjurer)     Turns: 110608, Time: 14:52:43

Health: 184/231    AC: 27    Str: 13    XL:     27
Magic:  53/53      EV: 27    Int: 50    God:    Vehumet [******]
Gold:   10084      SH: 35    Dex: 20    Spells: 4/78 levels left

rFire   + + .        C - staff of conjuration "Azoath" {rElec rC+ rN++}
rCold   + + +        P - +8 tower shield {AC+3}
rNeg    + + .        z - +4 robe of Folly {Brill Will-∞ Int+8}
rPois   +            (helmet unavailable)
rElec   +            Y - +4 dragonskin cloak
rCorr   +            h - +2 pair of gloves {Stlth+}
SInv    +            y - +2 pair of boots of Jigsaw {Int+3}
Will    .....        p - amulet "Elial" {Reflect rF+ rC+++ Int+4 SH+5 SInv}
Stlth   ++++         q - ring of Lady Luck {Fire rCorr Str+5 Dex-5 Stlth+}
HPRegen 0.58/turn    t - ring "Biuwk" {Contam rPois AC+4 Int+3 Dex+6}
MPRegen 0.33/turn

%: reflection
@: studying 4 skills
A: antennae 3, thin skeletal structure 3, ignite blood 3, powered by death 3,
corrupting presence 2, word of chaos, deformed body, mutation resistance 1
0: Orb of Zot
}: 11/15 runes: decaying, serpentine, slimy, silver, golden, iron, icy, bone,
glowing, magical, fiery
a: Word of Chaos, Renounce Religion


You escaped.
You worshipped Vehumet.
Vehumet was exalted by your worship.
You visited 17 branches of the dungeon, and saw 81 of its levels.
You visited Pandemonium 1 time, and saw 7 of its levels.
You visited 1 bazaar.
You visited 2 ziggurats, and saw 35 of their levels (deepest: 19).
You also visited: Sewer, Bailey, Gauntlet and Ice Cave.

You collected 17420 gold pieces.
You spent 7336 gold pieces at shops.

Inventory:

Hand Weapons
 B - the +5 battleaxe of Conservatism {speed, MP+9 Str-4 Int+3 SInv}
   (You took it off Antaeus on level 7 of Cocytus)

   Str:       It affects your strength (-4).
   Int:       It affects your intelligence (+3).
   MP:        It affects your magic capacity (+9).
   SInv:      It lets you see invisible.
 D - the +10 morningstar "Eos" {elec, Halo rElec}
   (You found it on level 7 of Cocytus)

   Halo:      It grants its wielder a halo, revealing invisible creatures and
   increasing accuracy against all within it other than the wielder.
   rElec:     It insulates you from electricity.
 Q - the +7 falchion "Zovikk" {flame, Int+7}
   (You found it on level 7 of the Iron City of Dis)

   Int:       It affects your intelligence (+7).
Missiles
 G - a throwing net
Armour
 h - a +2 pair of gloves of stealth (worn)
 y - the +2 pair of boots of Jigsaw (worn) {Int+3}
   (You found it in Pandemonium)

   Int:       It affects your intelligence (+3).
 z - the +4 robe of Folly (worn) {Brill Will-∞ Int+8}
   (You found it on level 15 of a ziggurat)

   Brill:     It increases the power of your magical spells and halves their MP
   cost (rounding up).
   Will-∞: It reduces your willpower to zero.
   Int:       It affects your intelligence (+8).
 H - the orb of Dispater {+Damnation *Corrode AC+5}
   (You found it on level 7 of the Iron City of Dis)

   +Damnation: It grants the ability to hurl damnation at the cost of health and
   magic, with strength depending on Evocations skill.
   AC:        It affects your AC (+5).
   *Corrode:  It may corrode you when you take damage.
 P - a +8 tower shield of protection (worn)
 Y - the +4 dragonskin cloak (worn)
   (You took it off Tiamat on level 2 of the Realm of Zot)

   Avatar's Aegis: It grants the wearer a chance to resist fire, cold, poison,
   electricity, acid, and negative energy.
Magical Staves
 l - the staff of fire "Diagid" {Fly rElec rF+ rC+}
   (You found it on level 7 of the Iron City of Dis)

   [staff of fire]

   Base accuracy: +5 Base damage: 5 Base attack delay: 1.2 This weapon's minimum
   attack delay (0.6) is reached at skill level 12.
   rF:        It protects you from fire.
   rC:        It protects you from cold.
   rElec:     It insulates you from electricity.
   Fly:       It grants you flight.
   It falls into the 'Staves' category.
   It is a one-handed weapon.
 C - the staff of conjuration "Azoath" (weapon) {rElec rC+ rN++}
   (You found it on level 3 of the Elven Halls)

   [staff of conjuration]

   Base accuracy: +5 Base damage: 5 Base attack delay: 1.2 This weapon's minimum
   attack delay (0.6) is reached at skill level 12.
   rC:        It protects you from cold.
   rElec:     It insulates you from electricity.
   rN:        It greatly protects you from negative energy.
   It falls into the 'Staves' category.
   It is a one-handed weapon.
Jewellery
 p - the amulet "Elial" (around neck) {Reflect rF+ rC+++ Int+4 SH+5 SInv}
   (You found it on level 14 of a ziggurat)

   [amulet of reflection]

   It reflects blocked missile attacks.
   Int:       It affects your intelligence (+4).
   rF:        It protects you from fire.
   rC:        It renders you almost immune to cold.
   SInv:      It lets you see invisible.
   SH:        It affects your SH (+5).
 q - the ring of Lady Luck (left hand) {Fire rCorr Str+5 Dex-5 Stlth+}
   (You bought it in a shop on level 5 of the Vaults)

   [ring of fire]

   It enhances your fire magic.
   Str:       It affects your strength (+5).
   Dex:       It affects your dexterity (-5).
   rF:        It protects you from fire.
   rC:        It makes you vulnerable to cold.
   rCorr:     It protects you from acid and corrosion.
   Stlth:     It makes you more stealthy.
 t - the ring "Biuwk" (right hand) {Contam rPois AC+4 Int+3 Dex+6}
   (You found it on level 5 of the Lair of Beasts)

   [ring of protection]

   AC:        It affects your AC (+4).
   Int:       It affects your intelligence (+3).
   Dex:       It affects your dexterity (+6).
   rPois:     It protects you from poison.
   Contam:    It causes magical contamination when unequipped.
 x - the ring "Loudecsu" {rC+ MP+9 EV+5 Str-2}
   (You took it off Ereshkigal on level 7 of Tartarus)

   [ring of evasion]

   EV:        It affects your evasion (+5).
   Str:       It affects your strength (-2).
   rC:        It protects you from cold.
   MP:        It affects your magic capacity (+9).
Wands
 f - a wand of paralysis (156)
 w - a wand of mindburst (7)
 J - a wand of polymorph (18)
 M - a wand of roots (27)
 S - a wand of digging (39)
Scrolls
 d - 10 scrolls of poison
 e - 13 scrolls of fog
 g - 26 scrolls of immolation
 k - 39 scrolls of teleportation
 o - 9 scrolls of amnesia
 s - 12 scrolls of magic mapping
 u - 4 scrolls of enchant armour
 v - 21 scrolls of fear
 E - 13 scrolls of silence
 I - 4 scrolls of torment
 K - 8 scrolls of vulnerability
 N - 5 scrolls of butterflies
 O - 26 scrolls of enchant weapon
Potions
 a - 6 potions of resistance
 b - 17 potions of ambrosia
 c - 7 potions of lignification
 i - 3 potions of invisibility
 j - 12 potions of haste
 m - 9 potions of attraction
 n - 16 potions of mutation
 r - 50 potions of curing
 A - 11 potions of might
 T - 12 potions of flight
 X - 8 potions of berserk rage
Miscellaneous
 L - a phantom mirror
 R - a condenser vane


   Skills:
 - Level 26.2 Fighting
 - Level 5.2 Maces & Flails
 * Level 19.5 Armour
 - Level 21.5 Dodging
 - Level 14.8 Stealth
 - Level 18.6 Shields
 - Level 26.2 Spellcasting
 - Level 14.6 Conjurations
 - Level 5.4 Hexes
 O Level 27 Summonings
 - Level 18.1 Necromancy
 - Level 3.2 Translocations
 - Level 24.6 Fire Magic
 - Level 6.5 Ice Magic


You had 4 spell levels left.
You knew the following spells:

 Your Spells              Type           Power      Damage    Failure   Level
a - Fire Storm            Conj/Fire      100%       8d25      4%          9
b - Borgnjor's Revivific  Necr           76%        N/A       1%          8
d - Orb of Destruction    Conj           84%        9d19      1%          7
e - Iskenderun's Mystic   Conj/Tloc      100%       2d19      1%          4
f - Freezing Cloud        Conj/Ice/Air   70%        6-21      1%          5
g - Spellforged Servitor  Conj/Summ      93%        N/A       1%          7
h - Summon Horrible Thin  Summ           86%        N/A       1%          8
i - Malign Gateway        Summ/Tloc      72%        N/A       1%          7
j - Blink                 Tloc           100%       N/A       1%          2
k - Dragon's Call         Summ           86%        N/A       1%          9
l - Ignition              Fire           97%        3d25      1%          8

Your spell library contained the following spells:

 Spells                   Type           Power      Damage    Failure   Level
 Polar Vortex             Ice            57%        N/A       99%         9
 Foxfire                  Conj/Fire      100%       2x1d9     0%          1
 Kiss of Death            Conj/Necr      100%       2d13      0%          1
 Magic Dart               Conj           100%       1d8       0%          1
 Necrotise                Necr           100%       1d9       0%          1
 Shock                    Conj/Air       100%       1d9       0%          1
 Summon Small Mammal      Summ           100%       N/A       0%          1
 Call Imp                 Summ           100%       N/A       0%          2
 Momentum Strike          Conj/Tloc      100%       3d10      0%          2
 Searing Ray              Conj           100%       2d8       0%          2
 Sublimation of Blood     Necr           100%       N/A       0%          2
 Call Canine Familiar     Summ           100%       N/A       0%          3
 Dazzling Flash           Conj/Hex       100%       N/A       0%          3
 Hailstorm                Conj/Ice       100%       3d20      0%          3
 Inner Flame              Hex/Fire       100%       N/A       0%          3
 Summon Guardian Golem    Hex/Summ       100%       N/A       0%          3
 Vampiric Draining        Necr           100%       2d13      0%          3
 Volatile Blastmotes      Fire/Tloc      100%       2d18      0%          3
 Animate Dead             Necr           100%       N/A       0%          4
 Dispel Undead            Necr           100%       3d31      0%          4
 Sticky Flame             Conj/Fire      100%       2d11      0%          4
 Summon Ice Beast         Ice/Summ       100%       N/A       0%          4
 Apportation              Tloc           100%       N/A       1%          1
 Beastly Appendage        Tmut           100%       N/A       1%          1
 Freeze                   Ice            100%       1d10      1%          1
 Sandblast                Erth           100%       2d20      1%          1
 Sting                    Tmut/Pois      100%       1d8       1%          1
 Cigotuvi's Dreadful Rot  Necr/Pois/Air  100%       N/A       1%          2
 Ensorcelled Hibernation  Hex/Ice        100%       N/A       1%          2
 Lesser Beckoning         Tloc           100%       N/A       1%          2
 Passwall                 Tmut/Erth      65%        N/A       1%          2
 Poisonous Vapours        Pois/Air       100%       N/A       1%          2
 Static Discharge         Conj/Air       100%       2-7/arc   1%          2
 Wereblood                Tmut           78%        N/A       1%          2
 Confusing Touch          Hex            100%       N/A       1%          3
 Frozen Ramparts          Ice            100%       1d16      1%          3
 Gell's Gravitas          Tloc           98%        N/A       1%          3
 Ignite Poison            Fire/Tmut/Pois 100%       N/A       1%          3
 Mephitic Cloud           Conj/Pois/Air  100%       N/A       1%          3
 Ozocubu's Armour         Ice            100%       N/A       1%          3
 Portal Projectile        Hex/Tloc       100%       N/A       1%          3
 Spider Form              Tmut/Pois      78%        N/A       1%          3
 Stone Arrow              Conj/Erth      100%       3d13      1%          3
 Swiftness                Air            78%        N/A       1%          3
 Teleport Other           Tloc           98%        N/A       1%          3
 Tukima's Dance           Hex            100%       N/A       1%          3
 Vhi's Electric Charge    Tloc/Air       100%       N/A       1%          3
 Airstrike                Air            39%        2d(6-22)  1%          4
 Anguish                  Hex/Necr       67%        N/A       1%          4
 Animate Armour           Summ/Erth      100%       N/A       1%          4
 Cause Fear               Hex            54%        N/A       1%          4
 Fulminant Prism          Conj/Hex       77%        3d32      1%          4
 Ice Form                 Ice/Tmut       98%        N/A       1%          4
 Leda's Liquefaction      Hex/Erth       47%        N/A       1%          4
 Manifold Assault         Tloc           98%        N/A       1%          4
 Olgreb's Toxic Radiance  Pois           78%        N/A       1%          4
 Passage of Golubria      Tloc           98%        N/A       1%          4
 Summon Lightning Spire   Summ/Air       100%       N/A       1%          4
 Petrify                  Tmut/Erth      78%        N/A       4%          4
 Agony                    Necr           100%       N/A       0%          5
 Fireball                 Conj/Fire      100%       3d36      0%          5
 Summon Mana Viper        Hex/Summ       100%       N/A       0%          5
 Starburst                Conj/Fire      100%       6d25      0%          6
 Summon Cactus Giant      Summ           86%        N/A       0%          6
 Summon Hydra             Summ           86%        N/A       0%          7
 Arcjolt                  Conj/Air       71%        1d81      1%          5
 Borgnjor's Vile Clutch   Necr/Erth      62%        N/A       1%          5
 Irradiate                Conj/Tmut      71%        3d35      1%          5
 Iskenderun's Battlesphe  Conj           100%       2d15      1%          5
 Metabolic Englaciation   Hex/Ice        56%        N/A       1%          5
 Summon Forest            Summ/Tloc      72%        N/A       1%          5
 Yara's Violent Unravell  Hex/Tmut       47%        3d18      1%          5
 Conjure Ball Lightning   Conj/Air       71%        3x3d26    1%          6
 Death Channel            Necr           76%        N/A       1%          6
 Iron Shot                Conj/Erth      71%        9d13      1%          6
 Plasma Beam              Fire/Air       81%        2x1d108   1%          6
 Simulacrum               Ice/Necr       68%        N/A       1%          6
 Haunt                    Necr/Summ      82%        N/A       1%          7
 Infestation              Necr           76%        N/A       1%          8
 Lee's Rapid Deconstruct  Erth           39%        3d19*     3%          5
 Silence                  Hex/Air        47%        N/A       4%          5
 Ozocubu's Refrigeration  Ice            57%        4d20      7%          7
 Alistair's Intoxication  Tmut/Pois      52%        N/A       13%         5
 Blade Hands              Tmut           39%        N/A       13%         5
 Eringya's Noxious Bog    Tmut/Pois      39%        N/A       17%         6
 Dispersal                Tloc           49%        N/A       19%         6
 Death's Door             Necr           76%        N/A       26%         9
 Lehudib's Crystal Spear  Conj/Erth      71%        10d16     36%         8
 Enfeeble                 Hex            54%        N/A       38%         7
 Statue Form              Tmut/Erth      52%        N/A       56%         6
 Necromutation            Tmut/Necr      62%        N/A       58%         8
 Discord                  Hex            54%        N/A       97%         8
 Dragon Form              Tmut           39%        N/A       98%         7
 Storm Form               Tmut/Air       39%        N/A       98%         7
 Maxwell's Capacitive Co  Air            39%        ∞         99%         8
 Chain Lightning          Conj/Air       71%        3d94      99%         9
 Disjunction              Tloc           49%        N/A       100%        8
 Shatter                  Erth           39%        3d31*     100%        9


Dungeon Overview and Level Annotations

Branches:
Dungeon (15/15)            Temple (1/1) D:4            Lair (5/5) D:8
  Swamp (4/4) Lair:3        Snake (4/4) Lair:3        Slime (5/5) Lair:4
    Orc (2/2) D:12            Elf (3/3) Orc:2        Vaults (5/5) D:13
  Crypt (3/3) Vaults:3       Tomb (3/3) Crypt:3      Depths (4/4) D:15
   Hell (visited)             Dis (7/7) Hell            Geh (0/7) Hell
    Coc (7/7) Hell            Tar (7/7) Hell            Zot (5/5) Depths:4
  Sewer (visited)          Bailey (visited)           IceCv (visited)
Gauntlet (visited)

Altars:
Ashenzari
Cheibriados
Dithmenos
Fedhas
Gozag
Hepliaklqana
Kikubaaqudgha
Makhleb
Nemelex Xobeh
Okawaru
Qazlal
Ru
Sif Muna
Trog
Uskayaw
Vehumet
Wu Jian
Xom
Yredelemnul
Jiyva
Lugonu

Shops:
D:2 =   D:12 *   D:14 [   Orc:2 (!(:   Elf:1 =![:   Snake:1 (   Snake:3 [
Vaults:3 =   Vaults:5 =   Zot:3 **   Depths:2 ?   Depths:4 *

Portals:
Hell: Depths:1 Depths:2 Depths:3 Depths:4
Abyss: Depths:1 Depths:3
Pandemonium: Depths:1 Depths:2 Depths:4


Innate Abilities, Weirdness & Mutations

You have a pair of large antennae on your head. (SInv)
You have an unnaturally thin skeletal structure. (Dex +6, Stealth+++)
Your demonic aura causes all spilled blood to erupt in flames.
You regenerate a lot of health from kills.
Your presence sometimes corrodes or deforms those you injure.
You can speak a Word of Chaos.
Armour fits poorly on your strangely shaped body.
You are somewhat resistant to further mutation.


Message History

The scroll dissolves into smoke.
You feel yourself speed up.
Your extra speed is starting to run out.
There is a stone staircase leading up here.
You climb upwards.
There is a stone staircase leading down here.
An orange demon comes into view.
There is a stone staircase leading up here.
You feel yourself slow down.
You climb upwards.
There is a stone staircase leading down here.
There is an entrance to Vuasypn's Jewellery Emporium here.
There is a stone staircase leading up here.
You climb upwards.
There is a stone staircase leading down here.
As you read the scroll of teleportation, it crumbles to dust.
You feel strangely unstable.
You feel the Orb delaying your translocation!
You sense a monster nearby.
Your surroundings suddenly seem different.
You see here 7 stones.
You sense a monster nearby.
Aiming: Dig
Press: ? - help, Shift-Dir - straight line A rock wall.
This square is covered in magical glow.
The rock shatters into small pieces.
Casting: Ignition (mildly dangerous; 1% risk of failure)
Confirm with . or Enter, or press ? or * to list all spells.
Okay, then.
Aiming: Dig
Press: ? - help, Shift-Dir - straight line Some deep water.
This square is covered in magical glow.
The rock shatters into small pieces.
A reaper comes into view. It is wielding a +0 antimagic scythe.
There is an open door here.
There is a staircase leading out of the dungeon here.
You can't go down here!
You have escaped!

#.###.#####.#
#....
#...........#
#.###
#..≈≈≈≈..8..#
#....
#..........##
#####
#####.######
####'#####
#....2...#
#........#
#......@.# ##
#........#
###.
#........#
#...
##########
#.#. #.#.
#.#. #.##
#.## #...


You could see a reaper.

Vanquished Creatures
  the Serpent of Hell (Coc:7)
  7 dread liches
  Khufu (Tomb:3)
  5 orbs of fire (Zot:5)
  5 ancient liches
  2 juggernauts
  10 royal mummies
  2 Killer Klowns (Zot:5)
  12 shard shrikes
  Vashnia (Snake:4)
  13 caustic shrikes
  5 profane servitors
  4 golden dragons
  A pandemonium lord (D:7)
  2 pearl dragons (Zig:15)
  An iron giant (Dis:7)
  An electric golem (Zot:5)
  3 doom hounds
  A Brimstone Fiend (Pan)
  5 Hell Sentinels (Dis:7)
  9 Tzitzimimeh
  3 hellephants (Zig:13)
  4 tentacled monstrosities
  6 tainted leviathans (Tar:7)
  22 Orb Guardians
  20 Ice Fiends
  7 titans
  2 quicksilver dragons
  2 liches (Zig:18)
  8 deep elf blademasters
  A deep elf master archer (Zig:8)
  2 sphinxes
  A death cob (Zot:1)
  A tentacled starspawn (Zig:10)
  Kirke (Swamp:4)
  3 storm dragons
  13 ancient champions
  5 shadow dragons
  2 tengu reavers
  A thorn hunter (Zig:17)
  A nagaraja (Zig:10)
  A rockslime (Zig:3)
  A demonspawn warmonger (Zig:14)
  An azure jelly (Slime:5)
  8 narguns
  3 quicksilver elementals
  5 draconian monks
  2 revenants (Zig:18)
  5 draconian knights
  A fire giant (Zig:11)
  5 deep elf sorcerers
  5 daevas (Zig:15)
  5 balrugs (Pan)
  6 shard shrike simulacra
  12 vault wardens
  4 iron dragons
  5 curse skulls (Zig:18)
  4 frost giants
  3 angels (Zig:15)
  4 draconian scorchers
  2 deep elf elementalists (Elf:3)
  A draconian shifter (Zot:5)
  4 cacodemons
  A quicksilver ooze (Slime:5)
  3 orc warlords
  A reaper (Hell)
  9 ironbound preservers
  6 very ugly things
  14 war gargoyles
  4 draconian annihilators
  3 ironbound thunderhulks
  8 demonspawn corrupters
  3 draconian stormcallers
  8 vampire knights
  3 deep elf demonologists
  3 eleionomae
  26 elemental wellsprings
  3 ophanim (Zig:15)
  5 black draconians
  3 putrid mouths
  5 green draconians
  2 demonspawn black suns (Zig:14)
  An apis (Zig:15)
  6 stone giants
  5 deep elf annihilators
  A spectral titan (Tar:7)
  4 red draconians
  9 dire elephants
  4 purple draconians
  3 yellow draconians
  4 lorocyprocas
  A white draconian (Zot:5)
  10 wendigos
  A bunyip (Zig:17)
  An eidolon (Tar:7)
  13 deep elf death magi
  7 blizzard demons
  5 iron golems
  7 green deaths
  11 mummy priests
  13 ettins
  Josephine (D:11)
  4 jiangshi
  2 spectral krakens (Tar:7)
  3 merfolk javelineers (Zig:9)
  7 deep elf high priests
  A spectral quicksilver dragon (Tar:7)
  5 shambling mangroves (Zig:17)
  3 entropy weavers
  12 yaktaur captains
  5 hydras
  21 vault guards
  6 ice dragons
  A salamander tyrant (Snake:4)
  12 caustic shrike simulacra
  7 juggernaut simulacra
  A spriggan zombie (Depths:1)
  3 catoblepae
  3 spriggan air magi (Depths:3)
  5 ogre magi
  2 hell beasts
  An anaconda (Snake:1)
  4 centaur warriors
  3 alligators
  2 ironbound frosthearts
  2 death knights (Crypt:2)
  3 dancing weapons
  2 deep troll shamans (Depths:3)
  5 two-headed ogres
  A naga warrior (Snake:2)
  43 death scarabs
  3 satyrs
  2 thrashing horrors (Zig:10)
  5 orc high priests
  A naga sharpshooter (Zig:5)
  A vampire mage (Crypt:1)
  A deep troll earth mage (Depths:3)
  2 shock serpents
  4 deep elf knights
  7 soul eaters
  2 hell knights (Depths:1)
  2 spriggan berserkers (Depths:2)
  20 sun demons
  4 crystal echidnas
  A skyshark (Lair:4)
  2 wretched stars (Zig:10)
  A titan skeleton (Zig:16)
  2 sixfirhies (Pan)
  8 quicksilver dragon simulacra
  2 death drakes (Zig:12)
  A golden dragon zombie (Depths:1)
  6 nameless horrors
  2 cherubim (Zig:15)
  5 shadow wraiths
  A spark wasp zombie (D:15)
  14 deep trolls
  A goliath frog (Swamp:1)
  5 skeletal warriors
  A deep troll (shapeshifter) (Zig:8)
  3 shadow demons
  4 flayed ghosts
  3 spriggan druids
  A glowing orange brain (Depths:2)
  8 swamp dragons
  2 phantasmal warriors
  A spectral iron dragon (Tar:1)
  2 deep elf archers
  12 spriggan simulacra
  A bog body (Swamp:2)
  2 wizards
  10 ironbound convokers
  2 obsidian statues
  5 lindwurms
  A harpy (Vaults:2)
  6 deep elf pyromancers
  5 orc knights
  A golden dragon skeleton (Zig:16)
  A spectral ettin (Tar:6)
  7 necromancers
  3 orc sorcerers
  A stone giant zombie (Vaults:3)
  9 deep elf zephyrmancers
  2 wolf spiders (Zig:3)
  19 moths of wrath
  3 spectral spriggans
  A fire giant zombie (D:15)
  A faun (shapeshifter) (Zig:11)
  4 fauns
  2 salamanders
  10 ugly things
  2 guardian serpents
  A moth of wrath (shapeshifter) (Depths:3)
  5 cyclopes
  An iron dragon skeleton (Depths:1)
  A spectral alligator snapping turtle (Tar:1)
  An elephant (Zig:13)
  An ice statue (Zig:3)
  Maurice (D:11)
  13 black mambas
  10 vault sentinels
  2 titan simulacra
  3 gargoyles (D:13)
  A demonic crawler (Hell)
  A torpor snail (Lair:5)
  5 naga magi
  10 cane toads
  A rust devil (Pan)
  4 smoke demons
  6 hellions
  13 tormentors
  6 freezing wraiths
  4 orange demons
  An unseen horror (D:10)
  5 rime drakes
  A yaktaur (shapeshifter) (Zig:11)
  5 spectral swamp worms (Tar:7)
  2 ice devils
  5 komodo dragons
  2 efreet (Pan)
  31 yaktaurs
  4 anaconda simulacra
  31 guardian mummies
  An iron giant simulacrum (Coc:7)
  3 ancient zymes
  3 hellwings
  3 golden dragon simulacra (Coc:7)
  3 spectral harpies
  A polar bear (Zig:13)
  4 hornets
  8 trolls
  A meliai (D:14)
  A raiju (Zig:10)
  A tarantella (Vaults:1)
  4 blink frogs
  3 stone giant simulacra
  5 dream sheep
  An alligator zombie (Swamp:4)
  A wind drake (Zig:12)
  3 iron dragon simulacra
  7 slime creatures
  5 flying skulls
  A centaur simulacrum (Coc:2)
  An air elemental (Zig:8)
  4 wraiths
  6 dire elephant simulacra
  5 ushabtiu
  9 ynoxinuls
  A vampire (D:13)
  7 wyverns
  A hog (Swamp:4)
  14 yaks
  3 basilisks
  A fire elemental (Zig:8)
  5 steam dragons
  7 chaos spawn (Pan)
  An alligator snapping turtle simulacrum (Coc:1)
  7 vampire mosquitoes
  A golden eye (Zig:2)
  2 wargs
  6 neqoxecs (Pan)
  15 harpy simulacra
  3 minotaur simulacra (IceCv)
  A naga zombie (Tomb:3)
  7 nagas
  A swamp worm (Swamp:2)
  4 acid dragons
  7 water moccasins
  5 large abominations
  4 hell hounds (Lair:5)
  7 hydra simulacra
  2 swamp drakes (Zig:12)
  19 orc warriors
  2 sky beasts (D:6)
  2 ice beasts (D:6)
  6 black bears
  3 ettin simulacra
  A boggart (Gauntlet)
  2 ogres
  7 wolves
  8 centaurs
  2 phantoms
  A starcursed mass (Zig:10)
  10 kobold brigands
  A bullfrog (Lair:3)
  2 gnoll sergeants
  2 naga simulacra
  2 scorpions
  5 wights (D:8)
  13 killer bees (Lair:1)
  A small abomination (Gauntlet)
  7 howler monkeys
  3 hounds (D:5)
  An iron imp (D:11)
  A jelly (D:5)
  A gnoll bouda (D:6)
  8 orc priests
  3 iguanas
  19 orc wizards
  24 mummies
  31 gnolls
  10 adders
  2 white imps
  An iguana zombie (Crypt:3)
  A worm (D:4)
  78 orcs
  9 ball pythons
  3 endoplasms
  4 giant cockroaches
  11 goblins
  9 hobgoblins
  4 jackals (D:3)
  42 kobolds
  8 bats
  4 frilled lizards
  7 rats
  A butterfly (D:14)
  2 fire vortices
  3 starspawn tentacles
1668 creatures vanquished.

Vanquished Creatures (collateral kills)
  Cerebov (Pan)
  Antaeus (Coc:7)
  the Royal Jelly (Slime:5)
  Ereshkigal (Tar:7)
  Lom Lobon (Pan)
  Mnoleg (Pan)
  Tiamat (Zot:2)
  Dispater (Dis:7)
  4 dread liches
  2 ancient liches
  3 orbs of fire
  The ghost of Beclu the Imperceptible, a legendary GnSk of Dithmenos (Zot:3)
  Mara (Snake:4)
  5 juggernauts
  11 royal mummies
  Parghit (Zot:1)
  Vv (Zot:1)
  The ghost of AgonHex the Hoplite, a veteran HOFi of Qazlal (Vaults:3)
  3 Killer Klowns
  4 curse toes
  Saint Roka (Vaults:1)
  The ghost of mantisjm the Hoplite, a veteran HOFi of Qazlal (Vaults:4)
  16 golden dragons
  15 caustic shrikes
  6 pandemonium lords
  Geryon (Hell)
  6 profane servitors
  13 bone dragons
  12 Tzitzimimeh
  A pearl dragon (Zig:15)
  2 Brimstone Fiends
  2 doom hounds
  2 iron giants (Dis:7)
  A spectral shard shrike (Tar:7)
  3 electric golems
  The ghost of Silenth the Arsonist, an adept DrFE of Vehumet (Vaults:1)
  Mlioglotl (Swamp:3)
  15 tentacled monstrosities
  5 Ice Fiends
  7 liches
  10 tainted leviathans
  10 Hell Sentinels
  2 deep elf blademasters (Elf:3)
  7 titans
  A deep elf master archer (Elf:3)
  7 searing wretches (Hell)
  5 Orb Guardians (Zot:5)
  2 quicksilver dragons (shapeshifter) (Zig:19)
  8 quicksilver dragons
  7 Executioners
  7 death cobs
  9 sphinxes
  19 acid blobs
  2 eldritch tentacles
  21 ancient champions
  8 tengu reavers
  3 thorn hunters
  20 storm dragons
  Agnes (D:14)
  7 shadow dragons
  Roxanne (Elf:3)
  14 rockslimes
  10 azure jellies
  9 draconian monks
  2 narguns (Coc:1)
  7 revenants
  6 fire giants
  3 daevas
  A fenstrider witch (Swamp:1)
  3 draconian knights
  4 demonspawn warmongers (Pan)
  4 deep elf sorcerers
  2 nagarajas
  8 iron dragons
  10 frost giants
  2 spectral juggernauts
  2 spectral caustic shrikes
  3 curse skulls
  10 vault wardens
  4 quicksilver elementals
  4 orc warlords
  4 draconian annihilators
  Aizul (Snake:2)
  6 draconian scorchers
  7 ghouls
  25 balrugs
  4 draconian shifters
  15 cacodemons
  3 demonspawn corrupters (Pan)
  2 ghost moths
  A juggernaut skeleton (Depths:1)
  A deep elf elementalist (Elf:3)
  8 stone giants
  2 angels
  13 war gargoyles
  11 demonspawn blood saints
  11 ironbound preservers
  3 ironbound thunderhulks
  A stone giant (shapeshifter) (Zig:19)
  A deep elf demonologist (Zig:8)
  2 ophanim (Zig:15)
  12 reapers
  19 very ugly things
  12 quicksilver oozes
  A rockslime zombie (Crypt:2)
  2 vampire knights
  An eleionoma (shapeshifter) (Zig:16)
  2 elemental wellsprings
  6 yellow draconians
  6 eleionomae
  3 apis (Zig:15)
  9 black draconians
  8 purple draconians
  5 demonspawn black suns
  3 deep elf annihilators
  3 white draconians
  A minotaur (Gauntlet)
  10 bennus
  A spectral titan (Tar:7)
  10 lorocyprocas
  14 putrid mouths
  6 spark wasps
  9 dire elephants
  5 green draconians
  A dire elephant (shapeshifter) (Zig:19)
  7 blizzard demons (Pan)
  12 red draconians
  A wendigo (Hell)
  8 deep elf death magi
  6 iron golems
  5 bunyips
  7 eidola
  9 green deaths
  12 fire dragons
  13 ettins
  The ghost of Qeag the Tainter, a journeyman OpVM of Sif Muna (D:15)
  13 jiangshi
  2 quicksilver dragon zombies
  A merfolk javelineer (Zig:9)
  12 yaktaur captains
  12 mummy priests
  4 shambling mangroves
  13 great orbs of eyes
  A spectral spriggan (Tar:2)
  2 spriggan zombies
  A peacekeeper (Vaults:3)
  4 spriggan air magi
  6 salamander tyrants
  A deep elf high priest (Elf:3)
  26 vault guards
  An anaconda (shapeshifter) (Vaults:5)
  4 caustic shrike simulacra
  A rakshasa (Depths:1)
  2 juggernaut simulacra
  5 ironbound frosthearts
  10 hydras
  A hell beast (Zig:14)
  7 centaur warriors
  2 ice dragons
  A stoker (Hell)
  2 ghost crabs
  2 ogre magi
  3 spriggan skeletons
  3 death knights
  4 anacondas
  A two-headed ogre (Orc:2)
  12 death scarabs (Tomb:3)
  A spectral stone giant (D:15)
  3 alligators
  22 dancing weapons
  5 deep troll shamans
  A spectral frost giant (D:15)
  A titan zombie (Zig:16)
  6 boulder beetles
  12 naga warriors
  10 vampire magi
  3 deep troll earth magi
  4 tengu warriors
  14 naga sharpshooters
  A spectral naga (Tar:3)
  4 orc high priests
  2 spriggan berserkers (Depths:3)
  6 holy swine (Pan)
  2 emperor scorpion zombies (Crypt:1)
  3 hell hogs (Hell)
  A thrashing horror (Gauntlet)
  45 sun demons
  5 hell knights
  10 deep elf knights
  12 soul eaters
  6 shock serpents
  A storm dragon zombie (Depths:1)
  A titan skeleton (Depths:1)
  A shadow wraith (Tar:5)
  2 spectral bunyips (Tar:2)
  3 crystal echidnas
  2 goliath frogs (Swamp:1)
  18 sixfirhies
  6 salamander mystics
  A skyshark (Lair:3)
  29 skeletal warriors
  2 fire crabs (Zig:12)
  4 golden dragon zombies
  2 spriggan druids
  4 iron trolls
  A spectral anaconda (Tar:3)
  A cherub (Zig:15)
  50 deep trolls
  An anaconda zombie (Crypt:2)
  5 flayed ghosts
  2 spectral hydras (Swamp:4)
  An anaconda skeleton (Crypt:3)
  3 wizards
  2 iron giant zombies
  17 ironbound convokers
  3 shadow demons
  3 death drakes
  2 glowing orange brains
  9 spriggan simulacra
  7 swamp dragons
  4 naga ritualists
  A golden dragon skeleton (Zig:16)
  An orb spider (Zig:3)
  9 orc knights
  A quicksilver dragon simulacrum (D:15)
  4 obsidian statues
  9 deep elf archers
  A harpy (Vaults:2)
  A shadow dragon zombie (Crypt:2)
  10 lindwurms
  20 bog bodies
  An iron dragon zombie (Depths:1)
  14 phantasmal warriors
  21 deep elf zephyrmancers
  20 deep elf pyromancers
  8 necromancers
  8 orc sorcerers
  8 shining eyes
  A tengu skeleton (Depths:1)
  4 will-o-the-wisps
  12 salamanders
  A broodmother zombie (Crypt:1)
  22 ugly things
  A fire giant skeleton (Crypt:1)
  A spectral centaur (Tar:1)
  4 elephants (Lair:2)
  A mana viper (Snake:3)
  4 manticores
  A salamander (shapeshifter) (Vaults:5)
  3 cyclopes
  2 shadow dragon skeletons
  2 centaur zombies
  22 moths of wrath
  8 rust devils (Hell)
  A spectral alligator snapping turtle (Tar:2)
  A sphinx skeleton (Depths:1)
  A dire elephant zombie (Crypt:3)
  An elephant (shapeshifter) (Depths:2)
  An apocalypse crab (Zig:10)
  2 iron dragon skeletons
  4 demonic crawlers (Pan)
  4 eyes of devastation
  20 smoke demons
  17 naga magi
  12 vault sentinels
  3 guardian serpents
  15 cane toads
  A titan simulacrum (Coc:1)
  An elf skeleton (Vaults:3)
  3 torpor snails
  17 orange demons
  33 black mambas
  4 spectral swamp worms (Tar:7)
  2 centaur skeletons
  A pale draconian zombie (Crypt:3)
  A bunyip simulacrum (Crypt:2)
  22 yaktaurs
  3 rime drakes
  2 unseen horrors (Depths:3)
  2 tengu conjurers (D:14)
  9 efreet
  4 komodo dragons
  7 hellions
  8 tormentors
  5 swamp worm zombies (Swamp:4)
  A yellow draconian zombie (Crypt:3)
  A spark wasp simulacrum (D:15)
  A golden dragon simulacrum (IceCv)
  5 ice devils
  A spectral glowing shapeshifter (D:15)
  A grey draconian zombie (Crypt:1)
  A dire elephant skeleton (Crypt:2)
  An iron giant simulacrum (Coc:1)
  2 anaconda simulacra
  9 freezing wraiths
  64 guardian mummies
  6 red devils
  2 hydra zombies (Swamp:4)
  A bloated husk (Swamp:4)
  2 burning bushes (Lair:5)
  A queen bee (Lair:1)
  15 hellwings (Pan)
  4 spectral harpies
  7 trolls
  A sea snake skeleton (Crypt:1)
  5 saltlings (Orc:2)
  14 large abominations
  9 polar bears (Lair:5)
  2 meliai (D:14)
  A hydra skeleton (Tomb:2)
  8 tyrant leeches
  12 hornets
  11 dream sheep
  2 alligator zombies
  4 spectral swamp dragons (Swamp:4)
  14 blink frogs
  119 slime creatures
  A stone giant simulacrum (Coc:3)
  4 centaur simulacra
  19 flying skulls
  A yak (shapeshifter) (Elf:3)
  A culicivora (Vaults:1)
  2 water elementals (Depths:4)
  10 wraiths
  31 yaks
  2 ice dragon skeletons
  7 spriggans
  A shadow (D:12)
  9 ynoxinuls
  3 wyverns
  13 ushabtiu
  A human (D:12)
  6 golden eyes
  5 hogs (Swamp:4)
  3 dire elephant simulacra
  3 fire elementals
  3 basilisks
  3 steam dragons
  21 neqoxecs
  11 vampire mosquitoes
  18 chaos spawn
  3 glowing shapeshifter zombies (Depths:1)
  4 harpy simulacra
  8 minotaur simulacra (IceCv)
  37 nagas
  11 swamp worms
  8 wargs
  A water moccasin (shapeshifter) (D:14)
  An acid dragon (Zig:12)
  15 water moccasins
  21 hell hounds
  24 nameless horrors
  An entropy weaver zombie (Crypt:3)
  A water nymph skeleton (Crypt:2)
  3 swamp drakes (Zig:12)
  2 glowing shapeshifter skeletons (Depths:1)
  34 orc warriors
  5 swamp dragon zombies (Swamp:4)
  An alligator simulacrum (IceCv)
  3 ettin simulacra
  4 ogres
  10 black bears
  A boggart (Vaults:4)
  23 wolves
  A swamp dragon skeleton (Crypt:2)
  2 phantoms (Swamp:4)
  8 starcursed masses (Zig:10)
  5 centaurs (D:12)
  8 small abominations (Depths:3)
  2 rime drake skeletons (Crypt:2)
  A human skeleton (Vaults:3)
  10 bullfrogs
  2 necrophages
  A glowing shapeshifter simulacrum (Vaults:3)
  2 earth elementals (Elf:1)
  6 deep troll simulacra (IceCv)
  A cyclops skeleton (Crypt:1)
  4 lindwurm simulacra (IceCv)
  12 killer bees (Lair:1)
  A polar bear skeleton (Crypt:3)
  6 crimson imps (Pan)
  15 orc priests
  4 orc wizards
  A spectral swamp drake (Swamp:4)
  A sky beast zombie (Crypt:3)
  52 mummies
  A swamp drake zombie (Swamp:4)
  40 orcs
  A bat skeleton (Crypt:1)
  2 goblins (D:12)
  A jackal skeleton (Crypt:2)
  A jackal zombie (Crypt:1)
  A quokka zombie (Crypt:3)
  A ball lightning (Pan)
  6 fire vortices
  A spectral weapon (Zig:19)
  A starspawn tentacle (Zig:10)
2657 creatures vanquished.

Vanquished Creatures (others)
  A profane servitor (Tar:7)
  A pandemonium lord (Zig:5)
  An ancient champion (Dis:2)
  21 eldritch tentacles
  A deep elf sorcerer (Elf:3)
  A draconian scorcher (Zot:2)
  A demonspawn blood saint (Zig:14)
  A quicksilver ooze (shapeshifter) (Zig:19)
  A putrid mouth (Tar:3)
  A blizzard demon (Pan)
  2 mummy priests (Crypt:3)
  A juggernaut simulacrum (Coc:2)
  A ghost crab (Swamp:4)
  2 dancing weapons (Elf:2)
  2 sun demons (Pan)
  A deep elf archer (Elf:1)
  A shadow demon (Zig:14)
  A deep elf zephyrmancer (Elf:2)
  2 wizards (Pan)
  A salamander (Snake:4)
  A black mamba (Snake:4)
  A smoke demon (Pan)
  4 bloated husks
  2 hellwings (Pan)
  A saltling (Orc:2)
  A yak (Lair:3)
  3 nagas
  A minotaur simulacrum (IceCv)
  A hydra simulacrum (Coc:2)
  An ettin simulacrum (Coc:6)
  4 phantoms (Swamp:4)
  A naga simulacrum (Hell)
  2 orc wizards
  2 orcs
  2 ball lightnings (Pan)
  92 fire vortices
  17 foxfires
  58 fulminant prisms
  4 tentacles (Tar:7)
242 creatures vanquished.

Grand Total: 4567 creatures vanquished

Notes
Turn   | Place    | Note
-------+----------+-------------------------------------------
     0 | D:1      | zen1337 the Demonspawn Conjurer began the quest for the
                  | Orb.
     0 | D:1      | Reached XP level 1. HP: 13/13 MP: 3/3
   561 | D:1      | Gained mutation: You have a pair of small antennae on your
                  | head. [demonic ancestry]
   561 | D:1      | Reached XP level 2. HP: 19/19 MP: 3/5
   598 | D:1      | Learned a level 2 spell: Searing Ray
   839 | D:2      | Gained mutation: You regenerate a little health from kills.
                  | [demonic ancestry]
   839 | D:2      | Reached XP level 3. HP: 24/24 MP: 0/7
  1047 | D:2      | Found Vuasypn's Jewellery Emporium.
  1199 | D:2      | Gained mutation: Your demonic aura sometimes causes spilled
                  | blood to erupt in flames. [demonic ancestry]
  1199 | D:2      | Reached XP level 4. HP: 30/30 MP: 7/10
  2185 | D:3      | Reached skill level 5 in Spellcasting
  2185 | D:3      | Reached XP level 5. HP: 25/35 MP: 0/12
  2586 | D:3      | Found a faded altar of an unknown god.
  2586 | D:3      | Noticed an ice devil
  2832 | D:4      | Noticed a black bear
  2838 | D:4      | Killed a black bear
  2839 | D:4      | Gained mutation: You have a pair of antennae on your head.
                  | [demonic ancestry]
  2839 | D:4      | Reached XP level 6. HP: 38/41 MP: 8/14
  3004 | D:4      | Found a snail-covered altar of Cheibriados.
  3047 | D:4      | Found a glowing drain.
  3075 | Sewer    | Entered a sewer
  3369 | Sewer    | Gained mutation: You regenerate health from kills. [demonic
                  | ancestry]
  3369 | Sewer    | Reached XP level 7. HP: 46/46 MP: 4/17
  4349 | D:4      | Found a staircase to the Ecumenical Temple.
  4360 | Temple   | Entered the Ecumenical Temple
  4395 | Temple   | Became a worshipper of Vehumet
  4581 | D:5      | Entered Level 5 of the Dungeon
  4798 | D:5      | Reached skill level 5 in Conjurations
  4987 | D:5      | Gained mutation: Your demonic aura often causes spilled
                  | blood to erupt in flames. [demonic ancestry]
  4987 | D:5      | Reached XP level 8. HP: 38/52 MP: 4/19
  5477 | D:5      | Reached * piety under Vehumet
  5477 | D:5      | Offered knowledge of Kiss of Death by Vehumet.
  5936 | D:6      | Found the +5 glaive of the Guard {elec, spectral, AC+5}
  6072 | D:6      | Offered knowledge of Foxfire by Vehumet.
  6215 | D:6      | Reached ** piety under Vehumet
  6285 | D:6      | Reached XP level 9. HP: 47/57 MP: 15/21
  6540 | D:6      | Noticed a troll
  6547 | D:6      | Killed a troll
  7182 | D:7      | Reached skill level 1 in Hexes
  7224 | D:7      | Found a flagged portal.
  7257 | D:7      | Learned a level 4 spell: Fulminant Prism
  7258 | Bailey   | Entered a bailey
  7406 | Bailey   | Offered knowledge of Inner Flame by Vehumet.
  7441 | Bailey   | Noticed an orc knight
  7474 | Bailey   | Killed an orc knight
  7475 | Bailey   | Reached skill level 5 in Hexes
  7478 | Bailey   | Reached *** piety under Vehumet
  7821 | D:7      | Learned a level 7 spell: Orb of Destruction
  8037 | D:7      | Learned a level 4 spell: Iskenderun's Mystic Blast
  8212 | D:7      | Found a sparkling altar of Nemelex Xobeh.
  8574 | D:8      | Reached skill level 1 in Armour
  8594 | D:8      | Reached XP level 10. HP: 38/63 MP: 9/23
  8824 | D:8      | Found a shadowy altar of Dithmenos.
  8828 | D:8      | Found a bloodstained altar of Trog.
  8828 | D:8      | Found a hazy altar of Hepliaklqana.
  8834 | D:8      | Found a basalt altar of Yredelemnul.
  8834 | D:8      | Found an iron altar of Okawaru.
  8869 | D:8      | Offered knowledge of Flame Wave by Vehumet.
  8878 | D:8      | Acquired 673 gold pieces
  9150 | D:8      | Reached skill level 5 in Armour
  9225 | D:8      | Reached skill level 10 in Conjurations
  9410 | D:8      | Found a staircase to the Lair.
  9640 | D:8      | Reached **** piety under Vehumet
 10125 | D:9      | Offered knowledge of Volatile Blastmotes by Vehumet.
 10308 | D:9      | Noticed a two-headed ogre
 10337 | D:9      | Killed a two-headed ogre
 10520 | D:9      | Noticed a cyclops
 10527 | D:9      | Killed a cyclops
 10528 | D:9      | Reached XP level 11. HP: 61/68 MP: 3/24
 11059 | D:9      | Learned a level 5 spell: Freezing Cloud
 11060 | D:10     | Entered Level 10 of the Dungeon
 11322 | D:10     | Found a shimmering blue altar of Sif Muna.
 11568 | D:10     | You fall into a shaft and drop 3 floors!
 11751 | D:13     | Noticed a vault guard
 11751 | D:13     | Noticed a vault guard
 11751 | D:13     | Noticed a vault guard
 11775 | D:13     | Killed a vault guard
 11776 | D:13     | Noticed a vault guard
 11807 | D:13     | Killed a vault guard
 11900 | D:13     | Noticed a vault guard
 11910 | D:13     | Killed a vault guard
 11983 | D:13     | Noticed a vault guard
 11993 | D:13     | Killed a vault guard
 12174 | D:13     | Killed a vault guard
 12274 | D:13     | Noticed a vault guard
 12295 | D:13     | Killed a vault guard
 12396 | D:13     | Noticed a vault guard
 12401 | D:13     | Killed a vault guard
 12549 | D:13     | Killed a vault guard
 12550 | D:13     | Reached skill level 10 in Spellcasting
 12635 | D:13     | Found a gate to the Vaults.
 12973 | D:13     | Noticed a two-headed ogre
 12988 | D:13     | Killed a two-headed ogre
 12989 | D:13     | Gained mutation: You have a somewhat thin skeletal
                  | structure. (Dex +2, Stealth+) [demonic ancestry]
 12989 | D:13     | Reached XP level 12. HP: 74/74 MP: 13/26
 13228 | D:13     | Noticed a centaur warrior
 13251 | D:13     | Killed a centaur warrior
 13342 | D:13     | Reached ***** piety under Vehumet
 13372 | D:13     | Offered knowledge of Airstrike by Vehumet.
 13718 | D:12     | Found Efajeel's Gadget Gallery.
 14012 | D:11     | Found a snail-covered altar of Cheibriados.
 14277 | D:11     | Noticed a two-headed ogre
 14282 | D:11     | Killed a two-headed ogre
 14513 | D:11     | Learned a level 7 spell: Spellforged Servitor
 14559 | D:11     | Noticed Maurice
 14569 | D:11     | Killed Maurice
 14570 | D:11     | Reached skill level 1 in Summonings
 14648 | D:11     | Noticed Josephine
 14655 | D:11     | Killed Josephine
 14656 | D:11     | Reached skill level 2 in Summonings
 14678 | D:11     | Reached skill level 3 in Summonings
 14817 | D:11     | Noticed a boulder beetle
 15147 | D:11     | Killed a boulder beetle
 15148 | D:11     | Reached skill level 4 in Summonings
 15308 | D:12     | Reached skill level 5 in Summonings
 15361 | D:12     | Found a staircase to the Orcish Mines.
 15748 | D:12     | Reached skill level 6 in Summonings
 16450 | Orc:1    | Entered Level 1 of the Orcish Mines
 16737 | Orc:1    | Reached skill level 7 in Summonings
 16825 | Orc:1    | Offered knowledge of Yara's Violent Unravelling by Vehumet.
 16826 | Orc:1    | Gained mutation: You have a moderately thin skeletal
                  | structure. (Dex +4, Stealth++) [demonic ancestry]
 16826 | Orc:1    | Reached XP level 13. HP: 79/79 MP: 22/29
 17095 | Orc:2    | Entered Level 2 of the Orcish Mines
 17167 | Orc:2    | Found a staircase to the Elven Halls.
 17251 | Orc:2    | Reached skill level 8 in Summonings
 17768 | Orc:2    | Reached skill level 9 in Summonings
 17901 | Orc:2    | Found Raatol's Antique Weapon Shoppe.
 18000 | Orc:2    | Noticed an orc warlord
 18033 | Orc:2    | Reached skill level 10 in Summonings
 18265 | Orc:2    | Found Reenn's Distillery.
 18267 | Orc:2    | Found Timitzix's Antique Weapon Shoppe.
 18281 | Orc:2    | Noticed an orc warlord
 18287 | Orc:2    | Killed an orc warlord
 18296 | Orc:2    | Reached skill level 11 in Summonings
 18383 | Orc:2    | Reached skill level 1 in Fighting
 18407 | Orc:2    | Found Sium Wub's Book Boutique.
 18446 | Orc:2    | Bought a potion of flight for 36 gold pieces
 18446 | Orc:2    | Bought a potion of magic for 96 gold pieces
 18446 | Orc:2    | Bought a potion of heal wounds for 60 gold pieces
 18547 | Orc:2    | Killed an orc warlord
 18991 | Orc:2    | Bought a glimmering dagger for 168 gold pieces
 18991 | Orc:2    | Identified the +3 dagger of the Chain {heavy, Str+3} (You
                  | bought it in a shop on level 2 of the Orcish Mines)
 19010 | Orc:2    | Bought a polished short sword for 232 gold pieces
 19010 | Orc:2    | Identified the +9 short sword "Osekeph" {protect, Str+2
                  | Dex+4} (You bought it in a shop on level 2 of the Orcish
                  | Mines)
 19196 | Lair:1   | Entered Level 1 of the Lair of Beasts
 19263 | Lair:1   | Found a gate leading to a gauntlet.
 19273 | Gauntlet | Entered a Gauntlet
 19273 | Gauntlet | Found a transporter.
 19283 | Gauntlet | Found a transporter.
 19284 | Gauntlet | Found a transporter.
 19302 | Gauntlet | Found a transporter.
 19304 | Gauntlet | Found a transporter.
 19317 | Gauntlet | Found a transporter.
 19334 | Gauntlet | Found a transporter.
 19343 | Gauntlet | Found a runed translucent door.
 19344 | Gauntlet | Found a transporter.
 19345 | Gauntlet | Found a runed translucent door.
 19354 | Gauntlet | Found a transporter.
 19368 | Gauntlet | Found a transporter.
 19379 | Gauntlet | Found a transporter.
 19383 | Gauntlet | Found a transporter.
 19487 | Gauntlet | Noticed a cyan very ugly thing
 19490 | Gauntlet | Noticed a green very ugly thing
 19499 | Gauntlet | Noticed an ironbound thunderhulk
 19503 | Gauntlet | Found a transporter.
 19679 | Gauntlet | Identified the ring "Toumin" {rC++ rCorr Str+4 Int-4}
 19817 | Gauntlet | Identified the +10 morningstar of Annoyance {protect,
                  | *Corrode rElec Str+6 Int-3}
 19817 | Gauntlet | Noticed a minotaur
 19872 | Gauntlet | Killed a minotaur
 19872 | Gauntlet | Offered knowledge of Eringya's Noxious Bog by Vehumet.
 19873 | Gauntlet | Reached skill level 5 in Fighting
 19891 | Gauntlet | Identified the +3 war axe of the Beast {heavy, rF++ Will+}
 20249 | Lair:1   | Gained mutation: You have a pair of large antennae on your
                  | head. (SInv) [demonic ancestry]
 20249 | Lair:1   | Reached XP level 14. HP: 103/103 MP: 9/30
 21466 | Lair:2   | Identified the +1 war axe of the Blushing Jester {freeze,
                  | +Blink rN+ rCorr Dex-2}
 21674 | Lair:2   | Reached skill level 5 in Dodging
 23076 | Lair:3   | You fall into a shaft and drop 2 floors!
 23076 | Lair:5   | Entered Level 5 of the Lair of Beasts
 23194 | Lair:5   | Reached skill level 12 in Summonings
 23471 | Lair:5   | Reached skill level 13 in Summonings
 23533 | Lair:5   | Identified the ring "Biuwk" {Contam rPois AC+4 Int+3 Dex+6}
 23684 | Lair:5   | Reached ****** piety under Vehumet
 23936 | Lair:5   | Offered knowledge of Ozocubu's Refrigeration by Vehumet.
 24040 | Lair:5   | Gained mutation: Your demonic aura causes all spilled blood
                  | to erupt in flames. [demonic ancestry]
 24040 | Lair:5   | Reached XP level 15. HP: 110/110 MP: 31/31
 24153 | Lair:5   | Reached skill level 14 in Summonings
 24750 | Lair:4   | Found a staircase to the Slime Pits.
 25423 | Lair:4   | Learned a level 8 spell: Summon Horrible Things
 25491 | Lair:3   | Found a staircase to the Swamp.
 25572 | Lair:3   | Reached skill level 15 in Summonings
 25611 | Lair:3   | Found a staircase to the Snake Pit.
 25663 | Lair:3   | Offered knowledge of Starburst by Vehumet.
 27502 | D:14     | Found a frozen archway.
 27519 | D:14     | Reached skill level 16 in Summonings
 27592 | IceCv    | Entered an ice cave
 28147 | IceCv    | Offered knowledge of Iron Shot by Vehumet.
 28201 | IceCv    | Found the +3 Mad Mage's Maulers {Infuse+∞ VampMP -Cast}
 28213 | IceCv    | Noticed an Ice Fiend
 28227 | IceCv    | Killed an Ice Fiend
 28228 | IceCv    | Reached skill level 17 in Summonings
 28608 | IceCv    | Identified the +5 ring mail of Eternal Vigilance {-Cast
                  | Will++ SInv}
 28633 | IceCv    | Identified the staff of poison "Qungarix" {rPois rF+}
 28761 | D:14     | Noticed Agnes
 28769 | D:14     | Killed Agnes
 28832 | D:14     | Found Kostex's Armour Shoppe.
 28843 | D:14     | Bought a +1 cloak of willpower for 264 gold pieces
 29335 | D:15     | Entered Level 15 of the Dungeon
 29393 | D:15     | Noticed Qeag's ghost (journeyman OpVM)
 29393 | D:15     | Found a runed translucent gate.
 29393 | D:15     | Found a runed translucent gate.
 29393 | D:15     | Found a runed translucent gate.
 29552 | D:15     | Gained mutation: Your presence sometimes corrodes those you
                  | injure. [demonic ancestry]
 29552 | D:15     | Reached XP level 16. HP: 117/117 MP: 17/32
 29566 | D:15     | Found an iron altar of Okawaru.
 29579 | D:15     | Identified the +0 mace of the Thing {holy, Stlth+}
 29664 | D:15     | Found a staircase to the Depths.
 29734 | D:15     | Reached skill level 18 in Summonings
 30029 | D:15     | Killed Qeag's ghost
 30197 | Depths:1 | Entered Level 1 of the Depths
 30349 | Depths:1 | Noticed a tengu reaver
 30354 | Depths:1 | Killed a tengu reaver
 30354 | Depths:1 | Offered knowledge of Lehudib's Crystal Spear by Vehumet.
 30357 | Depths:1 | Noticed a tengu reaver
 30367 | Depths:1 | Killed a tengu reaver
 30447 | Depths:1 | Reached skill level 19 in Summonings
 30460 | Depths:1 | Found a gateway to Hell.
 30700 | Depths:1 | Found a one-way gate leading to the halls of Pandemonium.
 30808 | Depths:1 | You fall into a shaft and drop 1 floor!
 30970 | Depths:1 | Identified the +7 whip of the Final Decision {venom, rPois
                  | Will+}
 31509 | Depths:1 | Acquired 1005 gold pieces
 31700 | Depths:1 | Found the +9 sword of Zonguldrok {reap}
 31700 | Depths:1 | Noticed a bone dragon
 31710 | Depths:1 | Killed a bone dragon
 31882 | Depths:1 | Found a corrupted altar of Lugonu.
 31882 | Depths:1 | Found a one-way gate to the infinite horrors of the Abyss.
 32008 | Depths:1 | Noticed a deep elf blademaster
 32010 | Depths:1 | Noticed a deep elf blademaster
 32010 | Depths:1 | Noticed a deep elf blademaster
 32013 | Depths:1 | Killed a deep elf blademaster
 32016 | Depths:1 | Killed a deep elf blademaster
 32019 | Depths:1 | Killed a deep elf blademaster
 32020 | Depths:1 | Reached XP level 17. HP: 122/122 MP: 29/35
 32135 | Depths:1 | Noticed a deep elf blademaster
 32144 | Depths:1 | Killed a deep elf blademaster
 32168 | Depths:1 | Identified the staff of death "Asidahof" {rN+ Str+2}
 32312 | Depths:2 | Reached skill level 15 in Spellcasting
 32548 | Depths:2 | Got the Secrets of Malevolent Rituals
 32637 | Depths:2 | Noticed a tentacled monstrosity
 32640 | Depths:2 | Noticed a golden dragon
 32642 | Depths:2 | Killed a tentacled monstrosity
 32655 | Depths:2 | Killed a golden dragon
 33295 | Depths:2 | Found Reimyca's Magic Scroll Shop.
 33302 | Depths:2 | Bought a scroll of blinking for 112 gold pieces
 33440 | Depths:2 | Offered knowledge of Shatter by Vehumet.
 33440 | Depths:2 | Offered knowledge of Chain Lightning by Vehumet.
 33440 | Depths:2 | Offered knowledge of Polar Vortex by Vehumet.
 33479 | Depths:2 | Reached skill level 5 in Ice Magic
 33551 | Depths:2 | Reached skill level 1 in Shields
 34334 | Orc:2    | Bought a book of Armaments for 504 gold pieces
 34545 | Swamp:1  | Entered Level 1 of the Swamp
 34554 | Swamp:1  | Identified the +12 war axe of Uthoyblumi {speed, Str+5}
 34721 | Swamp:1  | Reached skill level 5 in Shields
 35468 | Swamp:2  | Gained mutation: You regenerate a lot of health from kills.
                  | [demonic ancestry]
 35468 | Swamp:2  | Reached XP level 18. HP: 121/129 MP: 26/38
 36086 | Swamp:3  | Learned a level 7 spell: Malign Gateway
 36295 | Swamp:3  | Reached skill level 1 in Translocations
 36475 | Swamp:3  | Noticed Mlioglotl
 36544 | Swamp:3  | Paralysed by an air elemental for 1 turns
 36582 | Swamp:3  | Killed Mlioglotl
 36824 | Swamp:4  | Entered Level 4 of the Swamp
 36835 | Swamp:4  | Noticed Kirke
 36847 | Swamp:4  | Killed Kirke
 37841 | Swamp:4  | Noticed a bone dragon
 37857 | Swamp:4  | Killed a bone dragon
 37885 | Swamp:4  | Got a decaying rune of Zot
 38007 | Snake:1  | Entered Level 1 of the Snake Pit
 38160 | Snake:1  | Reached skill level 10 in Shields
 38513 | Snake:1  | Found Beugusa's Weapon Boutique.
 38937 | Snake:2  | Noticed Aizul
 38957 | Snake:2  | Killed Aizul
 40096 | Snake:3  | Reached XP level 19. HP: 134/134 MP: 39/39
 40464 | Snake:3  | Found a gateway to a bazaar.
 40472 | Bazaar   | Entered a bazaar
 40472 | Bazaar   | Found Luolofan's Antique Armour Shoppe.
 40472 | Bazaar   | Found Cutrust's Antique Weapon Emporium.
 40501 | Bazaar   | Bought an iridescent mace for 216 gold pieces
 40501 | Bazaar   | Identified the +3 mace of the Vine {flame, Fragile Will+
                  | rCorr Int+3} (You bought it in a shop in a bazaar)
 40932 | Snake:3  | Found Ceris's Antique Armour Shop.
 40941 | Snake:3  | Bought a runed buckler for 202 gold pieces
 41313 | Snake:4  | Entered Level 4 of the Snake Pit
 41515 | Snake:4  | Noticed Vashnia
 41547 | Snake:4  | Killed Vashnia
 42013 | Snake:4  | Identified the +0 leather armour of Omeuror {Regen+ Dex+2}
 42276 | Snake:4  | Noticed Mara
 42284 | Snake:4  | Noticed zen1337's illusion
 42685 | Snake:4  | Noticed zen1337's illusion
 42702 | Snake:4  | Killed Mara
 43013 | Snake:4  | Got a serpentine rune of Zot
 43570 | Elf:1    | Entered Level 1 of the Elven Halls
 43628 | Elf:1    | Found Temelufi's Armour Boutique.
 43688 | Elf:1    | Found Ruohida's Book Boutique.
 43727 | Elf:1    | Bought a manual of Fighting for 1040 gold pieces
 43868 | Elf:1    | Found Iseuc's Jewellery Emporium.
 44057 | Elf:1    | Found Biska's Distillery.
 44067 | Elf:1    | Bought a potion of brilliance for 52 gold pieces
 44667 | Elf:2    | Found a runed translucent gate.
 44667 | Elf:2    | Found a runed translucent gate.
 44669 | Elf:2    | Found a runed translucent gate.
 44827 | Elf:2    | Found an ancient bone altar of Kikubaaqudgha.
 44846 | Elf:2    | Identified the +8 quarterstaff of the Everdark {flame,
                  | +Blink rElec}
 44945 | Elf:2    | Reached skill level 10 in Fighting
 45330 | Elf:2    | Reached XP level 20. HP: 152/152 MP: 41/41
 45735 | Elf:3    | Entered Level 3 of the Elven Halls
 46048 | Elf:3    | Identified Roxanne's Anthology of Transmigration
 46048 | Elf:3    | Noticed Roxanne
 46062 | Elf:3    | Killed Roxanne
 47004 | Elf:3    | Reached skill level 15 in Fighting
 47285 | Elf:3    | Identified the +11 falchion of Vasoon {flame, rC+ rCorr
                  | Str-2}
 47641 | Elf:3    | Got the Exposition on Nonlocality
 47653 | Elf:3    | Learned a level 2 spell: Blink
 47680 | Elf:3    | Identified the +0 eveningstar of the Freezing Stork {flame,
                  | Fragile rElec Str+4 SInv}
 47743 | Elf:3    | Identified the staff of conjuration "Azoath" {rElec rC+
                  | rN++}
 47751 | Elf:3    | Identified the +0 chain mail of Free Will {Harm +Inv}
 47792 | Elf:3    | Identified the +8 short sword of Winter {freeze, rF+ Str+3}
 47794 | Elf:3    | Identified the +10 plate armour of Focus {rElec rCorr
                  | Slay-6}
 48210 | Elf:1    | Bought a book of Annihilations for 780 gold pieces
 48210 | Elf:1    | Bought a manual of Fighting for 1040 gold pieces
 48312 | Vaults:1 | Entered Level 1 of the Vaults
 49066 | Vaults:1 | Noticed Saint Roka
 49074 | Vaults:1 | Killed Saint Roka
 49486 | Vaults:1 | Noticed a golden dragon
 49536 | Vaults:1 | Killed a golden dragon
 49637 | Vaults:1 | Found a large runed translucent door.
 49637 | Vaults:1 | Found a large runed translucent door.
 49638 | Vaults:1 | Noticed Silenth's ghost (adept DrFE)
 49958 | Vaults:1 | Killed Silenth's ghost
 50270 | Vaults:2 | Reached XP level 21. HP: 177/177 MP: 36/43
 51301 | Vaults:2 | Reached skill level 20 in Summonings
 51315 | Vaults:2 | Learned a level 9 spell: Dragon's Call
 51948 | Vaults:3 | Reached skill level 21 in Summonings
 52217 | Vaults:3 | Found Joepares's Jewellery Shoppe.
 52446 | Vaults:3 | Found a staircase to the Crypt.
 52695 | Vaults:3 | Found a large runed translucent door.
 52695 | Vaults:3 | Found a large runed translucent door.
 52696 | Vaults:3 | Noticed AgonHex's ghost (veteran HOFi)
 52716 | Vaults:3 | Killed AgonHex's ghost
 53421 | Vaults:4 | Reached skill level 22 in Summonings
 53444 | Vaults:4 | Reached XP level 22. HP: 184/184 MP: 38/45
 54021 | Vaults:4 | Found a runed translucent door.
 54021 | Vaults:4 | Found a shimmering altar of Xom.
 54021 | Vaults:4 | Noticed mantisjm's ghost (veteran HOFi)
 54175 | Vaults:4 | Acquired 702 gold pieces
 54454 | Vaults:4 | Noticed a golden dragon
 54501 | Vaults:4 | Killed a golden dragon
 54502 | Vaults:4 | Reached skill level 23 in Summonings
 54708 | Vaults:4 | Killed mantisjm's ghost
 55046 | Slime:1  | Entered Level 1 of the Pits of Slime
 55049 | Slime:1  | Gained mutation: You are weak. (Str -2) [a shining eye]
 55094 | Slime:1  | You fall into a shaft and drop 1 floor!
 56386 | Slime:2  | Reached skill level 24 in Summonings
 56871 | Slime:5  | Entered Level 5 of the Pits of Slime
 57653 | Slime:5  | Found a viscous altar of Jiyva.
 57707 | Slime:5  | Found the +8 Vampire's Tooth {megavamp}
 57805 | Slime:5  | Noticed the Royal Jelly
 57822 | Slime:5  | Killed the Royal Jelly
 57823 | Slime:5  | Reached skill level 25 in Summonings
 57823 | Slime:5  | Gained mutation: Your presence sometimes corrodes or
                  | deforms those you injure. [demonic ancestry]
 57823 | Slime:5  | Reached XP level 23. HP: 125/190 MP: 10/46
 57894 | Slime:5  | Identified the +2 glaive "Omaugyowk" {pain, Drain +Blink
                  | Str+5}
 57960 | Slime:5  | Identified the ring of Oraerch {rC- Will+++ MP+9 Dex+6}
 57989 | Slime:5  | Got a slimy rune of Zot
 58635 | Depths:3 | Identified the +4 dagger of the Pillar {freeze, Drain rPois
                  | Str+7}
 58689 | Depths:3 | Found a one-way gateway to a ziggurat.
 58698 | Depths:3 | Reached skill level 26 in Summonings
 59052 | Depths:3 | Got the Incunabulum of the Comitatus
 59093 | Depths:3 | Noticed a juggernaut
 59116 | Depths:3 | Killed a juggernaut
 59627 | Depths:4 | Entered Level 4 of the Depths
 59700 | Depths:4 | Noticed a caustic shrike
 59703 | Depths:4 | Noticed a caustic shrike
 59704 | Depths:4 | Noticed a caustic shrike
 59704 | Depths:4 | Noticed a caustic shrike
 59707 | Depths:4 | Killed a caustic shrike
 59708 | Depths:4 | Killed a caustic shrike
 59710 | Depths:4 | Killed a caustic shrike
 59711 | Depths:4 | Killed a caustic shrike
 59919 | Depths:4 | Found Sizoledgh's General Store.
 59924 | Depths:4 | Bought a scroll of fear for 72 gold pieces
 59989 | Depths:4 | Reached skill level 27 in Summonings
 60107 | Depths:4 | Found a gate to the Realm of Zot.
 60617 | Vaults:5 | Entered Level 5 of the Vaults
 60635 | Vaults:5 | Noticed a dread lich
 60637 | Vaults:5 | Gained mutation: You have an unnaturally thin skeletal
                  | structure. (Dex +6, Stealth+++) [demonic ancestry]
 60637 | Vaults:5 | Reached XP level 24. HP: 188/201 MP: 41/46
 60645 | Vaults:5 | Killed a dread lich
 60773 | Vaults:5 | Identified the +7 rapier of Sapt {spect, rElec rC+ Str+2
                  | Dex+2}
 60957 | Vaults:5 | Identified the +9 spear "Acodix" {flame, Int+3 Stlth+}
 60975 | Vaults:5 | Identified the +1 storm dragon scales of the King of the
                  | Hill {rElec Str+3}
 60987 | Vaults:5 | Identified the ring of the Nine Spirits {rN+ Int+3}
 61121 | Vaults:5 | Found Murrac's Jewellery Emporium.
 61196 | Vaults:5 | Identified the +1 war axe of Conformity {freeze, Str+6}
 61848 | Vaults:5 | Identified the ring "Cympeeri" {rPois rN+ Will+ Str-5
                  | Slay+2}
 61989 | Vaults:5 | Got a silver rune of Zot
 62439 | Crypt:1  | Entered Level 1 of the Crypt
 63459 | Crypt:1  | Reached skill level 1 in Fire Magic
 64183 | Crypt:2  | Reached skill level 5 in Fire Magic
 64302 | Crypt:2  | Gained mutation: You can speak a Word of Chaos. [demonic
                  | ancestry]
 64302 | Crypt:2  | Reached XP level 25. HP: 197/214 MP: 43/47
 64910 | Crypt:3  | Entered Level 3 of the Crypt
 65758 | Crypt:3  | Found a staircase to the Tomb.
 66343 | Crypt:3  | Identified the +2 robe of Courage {Str+6}
 66389 | Crypt:3  | Noticed a royal mummy
 66394 | Crypt:3  | Killed a royal mummy
 66877 | Crypt:3  | Reached skill level 10 in Fire Magic
 67549 | Zot:1    | Entered Level 1 of the Realm of Zot
 67763 | Zot:1    | Learned a level 8 spell: Ignition
 67765 | Zot:1    | Noticed Parghit
 67788 | Zot:1    | Killed Parghit
 67862 | Zot:1    | Found a transporter.
 67917 | Zot:1    | Noticed Vv
 67946 | Zot:1    | Killed Vv
 68331 | Zot:1    | Found a transporter.
 68342 | Zot:1    | Noticed an ancient lich
 68409 | Zot:1    | Killed an ancient lich
 68443 | Zot:1    | Identified the ring of Ovvugih {rF+ Dex+5}
 68467 | Zot:1    | Identified the ring "Zucric Uhimn" {Contam Fly Will++
                  | Int+4}
 68677 | Zot:1    | Identified the +1 battleaxe of Ymessadd {freeze, rPois}
 69118 | Zot:2    | Found the +4 dragonskin cloak
 69118 | Zot:2    | Noticed Tiamat
 69336 | Zot:2    | Reached skill level 15 in Fire Magic
 69336 | Zot:2    | Reached XP level 26. HP: 222/222 MP: 12/47
 69605 | Zot:2    | Killed Tiamat
 70476 | Orc:2    | Bought a potion of haste for 120 gold pieces
 70601 | Elf:1    | Bought a potion of resistance for 130 gold pieces
 70601 | Elf:1    | Bought a potion of haste for 130 gold pieces
 70601 | Elf:1    | Bought a potion of cancellation for 104 gold pieces
 70601 | Elf:1    | Bought a potion of curing for 39 gold pieces
 71984 | Zot:3    | Found a runed translucent gate.
 71984 | Zot:3    | Found a runed translucent gate.
 71984 | Zot:3    | Found a runed translucent gate.
 71985 | Zot:3    | Found an opulent altar of Gozag.
 71985 | Zot:3    | Noticed Beclu's ghost (legendary GnSk)
 71986 | Zot:3    | Found Bayrch's Assorted Antiques.
 72914 | Zot:3    | Found Icyp's Assorted Antiques.
 72944 | Zot:3    | Killed Beclu's ghost
 73101 | Zot:3    | Bought a scroll of enchant armour for 240 gold pieces
 73101 | Zot:3    | Bought a potion of curing for 96 gold pieces
 73109 | Zot:3    | Bought a heavily runed wooden ring for 120 gold pieces
 73109 | Zot:3    | Identified the ring "Oleoschem" {rCorr Int+4} (You bought
                  | it in a shop on level 3 of the Realm of Zot)
 73248 | Zot:4    | Learned a level 9 spell: Fire Storm
 74442 | Tomb:1   | Entered Level 1 of the Tomb of the Ancients
 75107 | Tomb:1   | Noticed a royal mummy
 75457 | Tomb:1   | Killed a royal mummy
 75663 | Tomb:1   | Noticed a royal mummy
 75668 | Tomb:1   | Killed a royal mummy
 76641 | Zig:1    | Entered Level 1 of a ziggurat
 76653 | Zig:1    | Identified the +1 leather armour of the Equator {Regen+}
 76673 | Zig:2    | Entered Level 2 of a ziggurat
 76700 | Zig:2    | Reached XP level 27. HP: 228/228 MP: 47/47
 76733 | Zig:3    | Entered Level 3 of a ziggurat
 76748 | Zig:3    | Identified the ring "Mupheivof" {rF+ Str+6}
 76751 | Zig:3    | Identified the +9 trident "Guwkuph" {heavy, rF+ rC+ rCorr}
 76813 | Zig:4    | Entered Level 4 of a ziggurat
 76953 | Zig:4    | Identified the +1 robe of Insurance {rF+ rC+ Will+++
                  | Slay-2}
 76964 | Zig:5    | Entered Level 5 of a ziggurat
 76967 | Zig:5    | Noticed Qurghath the pandemonium lord
 76972 | Zig:5    | Killed Qurghath the pandemonium lord
 76994 | Zig:5    | Identified the staff of conjuration "Fybom" {Fly rN+}
 77957 | Zig:6    | Entered Level 6 of a ziggurat
 78163 | Zig:6    | Identified the ring of the Nightingale {rPois Dex+6}
 78192 | Zig:7    | Entered Level 7 of a ziggurat
 78267 | Zig:7    | Identified the staff of conjuration "Yxofrieg" {Fragile
                  | rElec SInv}
 78276 | Zig:7    | Identified the staff of fire "Molisy" {rElec rF+ Int+5
                  | Dex-2 Stlth+}
 78298 | Zig:8    | Entered Level 8 of a ziggurat
 78392 | Zig:8    | Identified the orb of the Blue Skies {*Rage, rF- rC+ Will++
                  | Dex+3}
 78413 | Zig:9    | Entered Level 9 of a ziggurat
 78488 | Zig:9    | Identified the ring of Cuulowk Asast {rCorr MP+9}
 78510 | Zig:9    | Identified the staff of conjuration "Vuqehi" {Contam rF+
                  | rCorr Int+3}
 78531 | Zig:10   | Entered Level 10 of a ziggurat
 78636 | Zig:10   | Identified the +3 spear "Xodgho" {flame, Contam *Noise
                  | rElec rC+++}
 78640 | Zig:10   | Identified the staff of conjuration "Pune" {Int+4}
 78643 | Zig:10   | Identified the +5 chain mail of Roigao {Regen+}
 78662 | Zig:11   | Entered Level 11 of a ziggurat
 78689 | Zig:11   | Found the sphere of Battle
 78689 | Zig:11   | Found the +8 autumn katana {manifold assault}
 78745 | Zig:11   | Identified the +1 ring mail "Jeymn" {Fly rElec}
 78748 | Zig:11   | Identified the +8 trident "Dyefiran" {venom, Dex+5}
 78797 | Zig:12   | Entered Level 12 of a ziggurat
 78908 | Zig:12   | Identified the +2 trident "Cackosok" {flame, SInv}
 78953 | Zig:13   | Entered Level 13 of a ziggurat
 78958 | Zig:13   | Noticed a juggernaut
 78965 | Zig:13   | Noticed a juggernaut
 78965 | Zig:13   | Killed a juggernaut
 78967 | Zig:13   | Killed a juggernaut
 79140 | Zig:13   | Identified the ring "Nouts" {rElec rN+ Will- EV+5 Int+2}
 79174 | Zig:13   | Identified the +1 glaive "Otygg" {spect, Str-5 Dex+3}
 79233 | Zig:14   | Entered Level 14 of a ziggurat
 79246 | Zig:14   | Noticed Peomyrgh the pandemonium lord
 79258 | Zig:14   | Killed Peomyrgh the pandemonium lord
 79351 | Zig:14   | Identified the staff of fire "Sajaas" {rElec rF+ Int+5}
 79354 | Zig:14   | Identified the ring of Sif Muna's Hatred {rC++ Int+6}
 79385 | Zig:14   | Identified the amulet "Elial" {Reflect rF+ rC+++ Int+4 SH+5
                  | SInv}
 79439 | Zig:15   | Entered Level 15 of a ziggurat
 79476 | Zig:15   | Found the macabre finger necklace {Finger+ rN+}
 79477 | Zig:15   | Identified the ring "Haoptyhe" {Fire rPois MP+9 Str-5
                  | Dex-2}
 79479 | Zig:15   | Identified the staff of cold "Irghul" {rF+ rC+ Will+ Int+6}
 79483 | Zig:15   | Identified the ring of Owkuck {*Slow rF+ Will++ Str+3}
 79484 | Zig:15   | Noticed Mitatwuk the pandemonium lord
 79487 | Zig:15   | HP: 11/225 [???[a shadow demon] (3)]
 79488 | Zig:16   | Entered Level 16 of a ziggurat
 79540 | Zig:16   | Noticed a royal mummy
 79542 | Zig:16   | Noticed a royal mummy
 79546 | Zig:16   | Killed a royal mummy
 79547 | Zig:16   | Killed a royal mummy
 79547 | Zig:16   | Noticed a royal mummy
 79550 | Zig:16   | Noticed a royal mummy
 79551 | Zig:16   | Killed a royal mummy
 79552 | Zig:16   | Noticed a royal mummy
 79554 | Zig:16   | Noticed a royal mummy
 79559 | Zig:16   | Killed a royal mummy
 79559 | Zig:16   | Killed a royal mummy
 79559 | Zig:16   | HP: 10/228 [something (6)]
 79564 | Zig:16   | Killed a royal mummy
 79610 | Zig:16   | Identified the staff of death "Nepamobrare" {rN+ Int+3}
 79642 | Zig:16   | Identified the amulet "Salesim" {rPois rC- rN+++ Regen+
                  | Stlth-}
 79671 | Zig:16   | Identified the +5 quarterstaff of Context {antimagic,
                  | rCorr}
 79742 | Zig:17   | Entered Level 17 of a ziggurat
 79849 | Zig:17   | Identified the +1 long sword "Lusyazxo" {heavy, rC+ Str+7
                  | Int-2 Stlth+}
 79862 | Zig:18   | Entered Level 18 of a ziggurat
 79880 | Zig:18   | Noticed an ancient lich
 79882 | Zig:18   | Noticed a dread lich
 79883 | Zig:18   | Killed an ancient lich
 79889 | Zig:18   | Killed a dread lich
 79928 | Zig:18   | Identified the ring "Hiqapon" {rElec rCorr}
 79958 | Zig:18   | Identified the staff of cold "Ycuuqife" {rC+ Will+}
 79959 | Zig:18   | Identified the +9 triple sword of the Feeding Penguin
                  | {pain, rPois Str+2 Dex+3}
 79965 | Zig:18   | Identified the staff of conjuration "Cid Uvig" {rN+}
 79966 | Zig:18   | Identified the +10 shortbow of Kyaca {heavy, Fly rF++ MP+9}
 79981 | Zig:19   | Entered Level 19 of a ziggurat
 79993 | Zig:19   | Noticed Riotock the pandemonium lord
 79998 | Zig:19   | Noticed Tahekuf the pandemonium lord
 80001 | Zig:19   | Noticed Tocacal the pandemonium lord
 80004 | Zig:19   | Noticed Buess the pandemonium lord
 80004 | Zig:19   | Noticed Yhoem the pandemonium lord
 80006 | Zig:19   | Noticed Oxkuupne the pandemonium lord
 80007 | Zig:19   | Noticed Fetab the pandemonium lord
 80007 | Zig:19   | Noticed Geehuc the pandemonium lord
 80008 | Zig:19   | Noticed Qurchan the pandemonium lord
 80008 | Zig:19   | Noticed Bemiss the pandemonium lord
 80380 | Depths:3 | Gained mutation: Your body sometimes deteriorates upon
                  | taking damage. [mutagenic glow]
 81247 | Elf:1    | Bought the ring of Xeexih {MP+9 Str+3 Int+4 Stlth+} for 756
                  | gold pieces
 81512 | Vaults:5 | Bought the ring of Lady Luck {Fire rCorr Str+5 Dex-5
                  | Stlth+} for 727 gold pieces
 82354 | Tomb:2   | Noticed a royal mummy
 82354 | Tomb:2   | Noticed a royal mummy
 82354 | Tomb:2   | Noticed a royal mummy
 82354 | Tomb:2   | Noticed a royal mummy
 82360 | Tomb:2   | Killed a royal mummy
 82361 | Tomb:2   | Killed a royal mummy
 82374 | Tomb:2   | Killed a royal mummy
 82374 | Tomb:2   | Killed a royal mummy
 83457 | Pan      | Entered Pandemonium
 83793 | Pan      | Identified the +8 tower shield of Qaim {rElec Slay+3}
 83794 | Pan      | Found a transporter.
 83809 | Pan      | Found a transporter.
 84294 | Pan      | Found an exit through the horrors of the Abyss.
 85043 | Pan      | Identified the +2 pair of boots of Jigsaw {Int+3}
 85058 | Pan      | Identified the ring "Yduigir" {Fly rF+}
 85060 | Pan      | Identified the +11 short sword of Resourcefulness {vamp,
                  | Int+4}
 85176 | Pan      | Noticed Beyconn the pandemonium lord
 85187 | Pan      | Killed Beyconn the pandemonium lord
 85927 | Pan      | Found an exit through the horrors of the Abyss.
 86078 | Pan      | Entered the realm of Mnoleg.
 86108 | Pan      | Noticed Mnoleg
 86109 | Pan      | Gained mutation: You are clumsy. (Dex -2) [a cacodemon]
 86119 | Pan      | Killed Mnoleg
 86214 | Pan      | Got a glowing rune of Zot
 86822 | Pan      | Gained mutation: You are very clumsy. (Dex -4) [a
                  | cacodemon]
 86823 | Pan      | Gained mutation: You are frail. (-10% HP) [a cacodemon]
 87346 | Pan      | Entered the realm of Cerebov.
 87346 | Pan      | Found an exit through the horrors of the Abyss.
 87357 | Pan      | Lost mutation: You are very clumsy. (Dex -4) [potion of
                  | mutation]
 87357 | Pan      | Lost mutation: Your body sometimes deteriorates upon taking
                  | damage. [potion of mutation]
 87357 | Pan      | Gained mutation: You possess an exceptional clarity of
                  | mind. [potion of mutation]
 87357 | Pan      | Gained mutation: Your movements are slightly less
                  | encumbered by armour. (ER -2) [potion of mutation]
 87464 | Pan      | Reached skill level 5 in Stealth
 88127 | Pan      | Identified the amulet "Kiqob" {Reflect Str+7 SH+5}
 88133 | Pan      | Reached skill level 10 in Stealth
 88340 | Pan      | Identified the ring "Xose" {Fire Dex+6}
 88642 | Pan      | Found the +6 sword of Cerebov {flame}
 88642 | Pan      | Noticed Cerebov
 88661 | Pan      | Killed Cerebov
 88681 | Pan      | Identified the staff of fire "Rumpab" {rPois rF+}
 88746 | Pan      | Identified the staff of earth "Yhuklug" {Contam +Blink
                  | rElec rCorr}
 88804 | Pan      | Got a fiery rune of Zot
 89095 | Pan      | Noticed Ciuwuteo the pandemonium lord
 89106 | Pan      | Killed Ciuwuteo the pandemonium lord
 89563 | Pan      | Entered the realm of Lom Lobon.
 89630 | Pan      | Reached skill level 1 in Necromancy
 89794 | Pan      | Noticed Lom Lobon
 89808 | Pan      | Killed Lom Lobon
 89809 | Pan      | Reached skill level 5 in Necromancy
 89886 | Pan      | Got a magical rune of Zot
 90377 | Pan      | Found an exit through the horrors of the Abyss.
 90631 | Pan      | Found a transporter.
 90919 | Pan      | Found a transporter.
 91123 | Pan      | Identified the ring "Ynix" {rC+ Will++}
 91131 | Pan      | Identified the ring of Simekorphu {rElec Will+ Stlth+}
 91219 | Depths:1 | Escaped Pandemonium
 91232 | Depths:1 | Acquired the ring "Volink" {Wiz Int+2}
 91790 | Tomb:2   | Paralysed by a Zot trap for 4 turns
 91812 | Tomb:2   | Reached skill level 10 in Necromancy
 92152 | Tomb:3   | Entered Level 3 of the Tomb of the Ancients
 92158 | Tomb:3   | Paralysed by a Zot trap for 2 turns
 92184 | Tomb:3   | Noticed a royal mummy
 92186 | Tomb:3   | Noticed a royal mummy
 92186 | Tomb:3   | Noticed a royal mummy
 92189 | Tomb:3   | Noticed a royal mummy
 92191 | Tomb:3   | Killed a royal mummy
 92192 | Tomb:3   | Killed a royal mummy
 92195 | Tomb:3   | Found the +0 mask of the Dragon {Will+ Slay+3 SInv}
 92196 | Tomb:3   | Found the ring of the Hare {EV+10}
 92221 | Tomb:3   | Noticed a royal mummy
 92227 | Tomb:3   | Noticed Khufu
 92229 | Tomb:3   | Noticed a royal mummy
 92230 | Tomb:3   | Killed a royal mummy
 92232 | Tomb:3   | Noticed a royal mummy
 92233 | Tomb:3   | Killed a royal mummy
 92234 | Tomb:3   | Reached skill level 15 in Necromancy
 92236 | Tomb:3   | Killed a royal mummy
 92236 | Tomb:3   | Killed a royal mummy
 92236 | Tomb:3   | Killed Khufu
 92238 | Tomb:3   | Killed a royal mummy
 92243 | Tomb:3   | Noticed a royal mummy
 92248 | Tomb:3   | Killed a royal mummy
 92302 | Tomb:3   | Identified the staff of air "Xaastruc" {rElec rF+ rC++
                  | Dex-2}
 92303 | Tomb:3   | Identified the staff of air "Caudwica" {rElec Str+4}
 92333 | Tomb:3   | Identified the +9 sling of Voesiyno {drain, *Slow rC+ Str-5
                  | Int+8}
 92340 | Tomb:3   | Identified the ring "Dikush" {Will+ Str+6 Dex+3}
 92710 | Tomb:3   | Got a golden rune of Zot
 93390 | Depths:3 | Learned a level 8 spell: Borgnjor's Revivification
 93537 | Depths:3 | Lost mutation: Your movements are slightly less encumbered
                  | by armour. (ER -2) [potion of mutation]
 93537 | Depths:3 | Lost mutation: You possess an exceptional clarity of mind.
                  | [potion of mutation]
 93537 | Depths:3 | Lost mutation: You are clumsy. (Dex -2) [potion of
                  | mutation]
 93537 | Depths:3 | Gained mutation: Your mind is acute. (Int +4, Str/Dex -1)
                  | [potion of mutation]
 93537 | Depths:3 | Lost mutation: You are weak. (Str -2) [potion of mutation]
 93538 | Depths:3 | Lost mutation: Your mind is acute. (Int +4, Str/Dex -1)
                  | [potion of mutation]
 93538 | Depths:3 | Lost mutation: You are frail. (-10% HP) [potion of
                  | mutation]
 93538 | Depths:3 | Gained mutation: You expend magic power (3 MP) to
                  | strengthen your wands. [potion of mutation]
 93538 | Depths:3 | Gained mutation: You are agile. (Dex +4, Str/Int -1)
                  | [potion of mutation]
 93539 | Depths:3 | Lost mutation: You are agile. (Dex +4, Str/Int -1) [potion
                  | of mutation]
 93539 | Depths:3 | Lost mutation: You expend magic power (3 MP) to strengthen
                  | your wands. [potion of mutation]
 93539 | Depths:3 | Gained mutation: You are somewhat resistant to further
                  | mutation. [potion of mutation]
 93578 | Zig:1    | Entered Level 1 of a ziggurat
 93603 | Zig:2    | Entered Level 2 of a ziggurat
 93624 | Zig:2    | Identified the +1 mace "Demonslayer" {drain, rN+ rCorr}
 93756 | Zig:3    | Entered Level 3 of a ziggurat
 93788 | Zig:3    | Identified the staff of fire "Xeof" {rF+ Will+ Int+4 Dex+2}
 93795 | Zig:4    | Entered Level 4 of a ziggurat
 93863 | Zig:5    | Entered Level 5 of a ziggurat
 93894 | Zig:5    | Identified the ring "Vorebek" {Ice MP+9}
 93919 | Zig:6    | Entered Level 6 of a ziggurat
 93924 | Zig:6    | Noticed a juggernaut
 93924 | Zig:6    | Found the +10 Black Knight's barding {ponderous, rPois rN+}
 93926 | Zig:6    | Killed a juggernaut
 93955 | Zig:7    | Entered Level 7 of a ziggurat
 93977 | Zig:7    | Identified the +5 scale mail of Forking Paths {rF++ Dex+2
                  | Slay+3}
 94003 | Zig:8    | Entered Level 8 of a ziggurat
 94024 | Zig:8    | Found the +13 scythe of Curses {drain, curses, Drain}
 94085 | Zig:9    | Entered Level 9 of a ziggurat
 94089 | Zig:9    | Noticed an ancient lich
 94095 | Zig:9    | Killed an ancient lich
 94130 | Zig:9    | Identified the +8 quarterstaff of Darkness {holy, Str+2
                  | Dex+3}
 94137 | Zig:9    | Identified the +4 plate armour "Samn" {-Cast Will+++ Int-5
                  | Dex+3}
 94139 | Zig:9    | Identified the staff of cold "Lusm" {rElec rC+ rCorr Str+2
                  | Dex-3}
 94148 | Zig:10   | Entered Level 10 of a ziggurat
 94171 | Zig:10   | Identified the +1 pair of gloves "Toots" {Rampage rPois}
 94183 | Zig:10   | Identified the staff of poison "Ixiczud" {rPois rC++}
 94216 | Zig:10   | Reached skill level 10 in Armour
 94218 | Zig:11   | Entered Level 11 of a ziggurat
 94230 | Zig:11   | Noticed a dread lich
 94230 | Zig:11   | Noticed an ancient lich
 94231 | Zig:11   | Noticed a dread lich
 94232 | Zig:11   | Killed a dread lich
 94233 | Zig:11   | Killed a dread lich
 94233 | Zig:11   | Killed an ancient lich
 94253 | Zig:11   | Identified the +3 dagger of the Vine {freeze, rElec rF++
                  | rC- Stlth-}
 94271 | Zig:11   | Identified the staff of fire "Elluf" {rF+ rN+}
 94273 | Zig:11   | Got Sif Muna's Compilation of Elsewhere
 94340 | Zig:12   | Entered Level 12 of a ziggurat
 94350 | Zig:12   | Noticed an orb of fire
 94351 | Zig:12   | Noticed an orb of fire
 94358 | Zig:12   | Gained mutation: You occasionally shout uncontrollably at
                  | your foes. [an orb of fire]
 94372 | Zig:12   | Killed an orb of fire
 94393 | Zig:12   | Killed an orb of fire
 94425 | Zig:12   | Identified the +5 plate armour "Icohoo" {rCorr Int+2}
 94428 | Zig:12   | Identified the amulet "Xorroon" {*Corrode *Slow rElec rC+++
                  | Regen+}
 94430 | Zig:12   | Identified the staff of fire "Kioda" {rF+ Dex+3 SInv}
 94432 | Zig:12   | Identified the +2 ring mail of Privacy {+Blink rPois SInv
                  | Stlth-}
 94439 | Zig:12   | Identified the staff of earth "Ceixionu" {rC- rCorr SInv}
 94456 | Zig:13   | Entered Level 13 of a ziggurat
 94466 | Zig:13   | Reached skill level 15 in Shields
 94508 | Zig:13   | Identified the staff of death "Unahukki" {rN+ Str+4 Dex+4}
 94509 | Zig:13   | Identified the +6 falchion of Sharkskin {distort, Fly}
 94517 | Zig:13   | Identified the +0 morningstar "Xax Rint" {freeze, Will++
                  | Int-5}
 94555 | Zig:14   | Entered Level 14 of a ziggurat
 94566 | Zig:14   | Noticed Miuxytz the pandemonium lord
 94575 | Zig:14   | Killed Miuxytz the pandemonium lord
 94603 | Zig:14   | Identified the +3 war axe of Wu Jian's Condemnation {heavy,
                  | MP+9 SInv}
 94608 | Zig:14   | Identified the staff of death "Datehomin" {*Corrode rElec
                  | rPois rN+}
 94647 | Zig:15   | Entered Level 15 of a ziggurat
 94706 | Zig:15   | Found the +4 robe of Augmentation {Str+4 Int+4 Dex+4}
 94707 | Zig:15   | Found the +4 robe of Folly {Brill Will-∞ Int+8}
 94764 | Zig:15   | Identified the staff of earth "Henab" {rF+ Dex+2 Stlth+}
 94772 | Zig:15   | Identified the staff of fire "Siptifit" {rF+ rC- Int+3}
 94780 | Zig:15   | Identified the staff of cold "Zememiux" {Fragile rC+ Int+2
                  | Dex+3 Stlth+}
 94849 | Zig:16   | Entered Level 16 of a ziggurat
 94869 | Zig:16   | Noticed Ohoytteu the pandemonium lord
 94873 | Zig:16   | Noticed Fatsouso the pandemonium lord
 94879 | Zig:16   | Noticed Notytuxt the pandemonium lord
 94880 | Zig:16   | Noticed Tetaonuo the pandemonium lord
 94880 | Zig:16   | Noticed Qetuiwui the pandemonium lord
 94880 | Zig:16   | Noticed Reonos the pandemonium lord
 94968 | Depths:3 | Lost mutation: You are somewhat resistant to further
                  | mutation. [potion of mutation]
 94968 | Depths:3 | Lost mutation: You occasionally shout uncontrollably at
                  | your foes. [potion of mutation]
 94968 | Depths:3 | Gained mutation: You are frail. (-10% HP) [potion of
                  | mutation]
 94968 | Depths:3 | Gained mutation: You passively dampen the noise of your
                  | surroundings. [potion of mutation]
 94969 | Depths:3 | Lost mutation: You are frail. (-10% HP) [potion of
                  | mutation]
 94969 | Depths:3 | Lost mutation: You passively dampen the noise of your
                  | surroundings. [potion of mutation]
 94969 | Depths:3 | Gained mutation: Your body sometimes deteriorates upon
                  | taking damage. [potion of mutation]
 94969 | Depths:3 | Gained mutation: You are weak. (Str -2) [potion of
                  | mutation]
 94970 | Depths:3 | Lost mutation: You are weak. (Str -2) [potion of mutation]
 94970 | Depths:3 | Lost mutation: Your body sometimes deteriorates upon taking
                  | damage. [potion of mutation]
 94970 | Depths:3 | Gained mutation: You are somewhat resistant to further
                  | mutation. [potion of mutation]
 95062 | Hell     | Entered the Vestibule of Hell
 95063 | Hell     | Noticed Geryon
 95069 | Hell     | Killed Geryon
 95450 | Hell     | Found a gateway to the freezing wastes of Cocytus.
 95462 | Hell     | Reached skill level 1 in Maces & Flails
 95580 | Hell     | Found a gateway to the Iron City of Dis.
 95598 | Hell     | Found a gateway to the ashen valley of Gehenna.
 95737 | Hell     | Found a gateway to the decaying netherworld of Tartarus.
 95742 | Hell     | Reached skill level 5 in Maces & Flails
 96030 | Zot:5    | Entered Level 5 of the Realm of Zot
 96288 | Zot:5    | Noticed a dread lich
 96296 | Zot:5    | Killed a dread lich
 96344 | Zot:5    | Noticed an orb of fire
 96349 | Zot:5    | Killed an orb of fire
 96382 | Zot:5    | Noticed an orb of fire
 96387 | Zot:5    | Killed an orb of fire
 96395 | Zot:5    | Noticed an orb of fire
 96471 | Zot:5    | Noticed an orb of fire
 96476 | Zot:5    | Killed an orb of fire
 96480 | Zot:5    | Noticed an orb of fire
 96488 | Zot:5    | Killed an orb of fire
 96522 | Zot:5    | Noticed an orb of fire
 96537 | Zot:5    | Killed an orb of fire
 96540 | Zot:5    | Noticed an ancient lich
 96542 | Zot:5    | Killed an ancient lich
 97246 | Tar:1    | Entered Level 1 of Tartarus
 97780 | Tar:2    | Noticed a dread lich
 97794 | Tar:2    | Killed a dread lich
 97985 | Tar:3    | Noticed a dread lich
 97985 | Tar:3    | Noticed a dread lich
 97985 | Tar:3    | Noticed a dread lich
 97992 | Tar:3    | Killed a dread lich
 97993 | Tar:3    | Reached skill level 10 in Dodging
 97996 | Tar:3    | Killed a dread lich
 97996 | Tar:3    | Killed a dread lich
 98851 | Tar:6    | Noticed a dread lich
 98857 | Tar:6    | Killed a dread lich
 99047 | Tar:7    | Entered Level 7 of Tartarus
 99459 | Tar:7    | Reached skill level 15 in Dodging
100771 | Tar:7    | Identified the ring "Loudecsu" {rC+ MP+9 EV+5 Str-2}
100771 | Tar:7    | Noticed Ereshkigal
100793 | Tar:7    | Killed Ereshkigal
100831 | Tar:7    | Got a bone rune of Zot
100837 | Tar:7    | Identified the +1 plate armour of Sif Muna's Reproof {rF+
                  | Will+ Dex+2 SInv}
100880 | Tar:7    | Found the +8 mithril axe "Arga" {speed, Will+}
101174 | Coc:1    | Entered Level 1 of Cocytus
101638 | Coc:3    | Noticed an ancient lich
101641 | Coc:3    | Killed an ancient lich
102614 | Coc:6    | Noticed an ancient lich
102617 | Coc:6    | Killed an ancient lich
102718 | Coc:7    | Entered Level 7 of Cocytus
103082 | Coc:7    | Noticed the Serpent of Hell
103093 | Coc:7    | Killed the Serpent of Hell
103604 | Coc:7    | Noticed Antaeus
103918 | Coc:7    | Identified the +5 battleaxe of Conservatism {speed, MP+9
                  | Str-4 Int+3 SInv}
104519 | Coc:7    | Killed Antaeus
104903 | Coc:7    | Got an icy rune of Zot
104905 | Coc:7    | Found the +10 morningstar "Eos" {elec, Halo rElec}
105147 | Dis:1    | Entered Level 1 of the Iron City of Dis
106282 | Dis:7    | Entered Level 7 of the Iron City of Dis
106311 | Dis:7    | Noticed a dread lich
106320 | Dis:7    | Killed a dread lich
106521 | Dis:7    | Reached skill level 15 in Armour
107209 | Dis:7    | Identified the staff of death "Houcvem" {rElec rN+}
107813 | Dis:7    | Found the +8 storm bow {elec, penet}
108378 | Dis:7    | Noticed a juggernaut
108390 | Dis:7    | Killed a juggernaut
108450 | Dis:7    | Noticed a juggernaut
108462 | Dis:7    | Noticed a juggernaut
108468 | Dis:7    | Killed a juggernaut
108472 | Dis:7    | Killed a juggernaut
108723 | Dis:7    | Noticed Dispater
109121 | Dis:7    | Killed Dispater
109151 | Dis:7    | Identified the staff of fire "Diagid" {Fly rElec rF+ rC+}
109153 | Dis:7    | Identified the +2 hand axe of Spite {drain, Str+6 Int-2
                  | Stlth+}
109154 | Dis:7    | Identified the +7 falchion "Zovikk" {flame, Int+7}
109156 | Dis:7    | Identified the +7 quick blade of Cezaus {vamp, Contam
                  | Int+3}
109160 | Dis:7    | Got an iron rune of Zot
109550 | Zot:5    | Gained mutation: Armour fits poorly on your strangely
                  | shaped body. [an orb of fire]
109561 | Zot:5    | Killed an orb of fire
109641 | Zot:5    | Got the Orb of Zot
109666 | Zot:5    | Noticed Xasuys the pandemonium lord
109673 | Zot:5    | Killed Xasuys the pandemonium lord
109784 | Zot:2    | Noticed Alolir the pandemonium lord
110072 | Depths:2 | Noticed Icaqon the pandemonium lord
110085 | Depths:1 | Killed Icaqon the pandemonium lord
110249 | D:7      | Noticed Amaisala the pandemonium lord
110256 | D:7      | Killed Amaisala the pandemonium lord
110341 | D:5      | Noticed a seraph
110451 | D:4      | Noticed a seraph
110608 | D:$      | Escaped with the Orb!

Illustrated notes

Levels and vault maps discovered:
D:1:      dpeg_arrival_rooms_c, layout_loops_cross, dreamdust_mushroom_princess
D:2:      layout_rooms, serial_shops, shop
D:3:      corexii_shack_village, layout_rooms, tso_altar,
          dreamdust_ecumenical_altar_sealed_demon, kennysheep_generic_room_9
D:4:      layout_basic, lemuel_doored_altar, temple_hall, portal_sewer_entry_b,
          minmay_misc_feat_nine_boxes
D:5:      black_bear_nest_2, layout_basic
D:6:      layout_basic
D:7:      layout_loops_corners, general_overflow_altar, enter_bailey_5
D:8:      minmay_goldmine, layout_gridville, minmay_overflow_temple_hex,
          minmay_lair_entry_grove
D:9:      layout_loops_ring
D:10:     layout_rooms, led_sif_book
D:11:     layout_roguey, serial_curves, eino_curves_01, eino_curves_04,
          minmay_fountain_box, slow_altar_1, uniq_josephine, uniq_maurice
D:12:     layout_stronghold, erik_orc_4, roderic_roman_lattice,
          nicolae_shop_gadgets
D:13:     layout_basic, erik_vaults_2, lightli_minifort
D:14:     layout_basic, infiniplex_staircase_spiral, serial_shops,
          nicolae_diamond_shop, portal_ice_cave_entry_pillars_three,
          nicolae_elyvilon_peaceful_grove, uniq_agnes
D:15:     hangedman_depths_entry_civil_slaughter, layout_basic,
          okawaru_ov_weapons_minmay, gammafunk_ghost_necromancy
Temple:   minmay_temple_bridge_abc
Lair:1:   layout_misc_corridors, gauntlet_entry_generic, special_room
          [special_room_bee], beast_lair_carwin_6
Lair:2:   cheibrodos_lair_river_kwai, layout_chaotic_city,
          grunt_forest_large_clearings, lemuel_fruit_tree, lemuel_fruit_fields
Lair:3:   layout_regular_city, swamp_mist, minmay_snake_entry_guardpost_medium
Lair:4:   layout_regular_city, slime_entry_1
Lair:5:   hangedman_lair_caniforms_friends, layout_cave_shapes,
          hangedman_lair_in_review, evilmike_ambush
          [evilmike_ambush_outer_corners, evilmike_ambush_inner_pond]
Swamp:1:  layout_basic_swamp, hangedman_swamp_ruin_wall, nicolae_swamp_big_swirl
Swamp:2:  layout_falls_marsh, nicolae_swamp_ascending_descending_big
Swamp:3:  layout_basic_swamp, evilmike_swamp_ruin_house_2, swamp_pool4,
          uniq_mlioglotl
Swamp:4:  swamp_pestilence, layout_basic_swamp, infiniplex_staircase_pool,
          uniq_kirke
Snake:1:  layout_grid_shapes, serial_shops, shop, grunt_megastairs_1
Snake:2:  layout_onion, uniq_aizul
Snake:3:  layout_cave_town, serial_shops, bzr_entry_dummy,
          nicolae_shop_just_a_little_nook, statue_in_the_mist_lemuel
Snake:4:  hellmonk_snake_rune_quicksilver_temple, layout_cave_town,
          nicolae_large_snake_swirl, uniq_vashnia, uniq_mara
Slime:1:  layout_caves
Slime:2:  layout_caves
Slime:3:  layout_caves, nicolae_slime_phagocytosis
Slime:4:  layout_caves
Slime:5
Orc:1:    layout_caves
Orc:2:    hellmonk_orc_salted, layout_diamond_mine
Elf:1:    eino_elf_arrival_shootout, layout_gridlike, serial_shops,
          nicolae_shop_crystal, shop, nicolae_shop_window_shopping,
          nicolae_shop_mannequins, minmay_elf_crystal_hexagon,
          lemuel_flamethrower_2
Elf:2:    elven_hall_of_blades_hangedman_original [nicolae_blade_lattice],
          layout_geoelf_octagon, basic_altar
Elf:3:    minmay_elf_hall, layout_loops_cross, abandoned_shop, uniq_roxanne
Vaults:1: ebering_ghost_disaster_area, v_rooms_2, ontoclasm_vaults_ring_square,
          nicolae_vaults_rhombus_6, ontoclasm_vaults_fault,
          nicolae_vaults_security_offices_2, layout_vaults_omnigrid,
          uniq_saint_roka
Vaults:2: hangedman_vaults_corner, ontoclasm_vaults_pinch,
          nicolae_vaults_sightless_eye, hangedman_vaults_corner_blocks,
          nicolae_vaults_closet_pinwheel_1, nicolae_vaults_meeting,
          nicolae_vaults_sealed_display, v_misc_2, vaults_room_ringed_pool,
          vaults_mumra_hex, nicolae_vaults_house_1, vaults_room_stairs_pillars,
          vaults_room_stairs_pillars, vaults_mumra_lcd, layout_vaults_omnicross
Vaults:3: ebering_ghost_disaster_area, minmay_crypt_entry_simple_corners,
          nicolae_vaults_swerve, v_misc_33, v_pattern_3,
          nicolae_vaults_circle_grid_b, nicolae_vaults_trapezoid_lopsided_3,
          vaults_mumra_chevron, grunt_vaults_focal,
          nicolae_vaults_ellipses_ellipsis, nicolae_vaults_triangles,
          ontoclasm_vaults_misaligned, nicolae_vaults_apartment_2,
          nicolae_vaults_diamond_2, layout_vaults_maze_bifur, serial_shops,
          nicolae_shop_gaudy_bauble
Vaults:4: ebering_ghost_xom, nicolae_vaults_turnstiles, v_misc_3,
          nicolae_vaults_big_angled_halls, v_alt_pattern_4,
          nicolae_vaults_angled_halls, nicolae_vaults_heart-shaped_vault,
          hangedman_vaults_restitches, nicolae_vaults_offset_grid_hallway_1,
          nicolae_vaults_shrinking_rooms_2, nicolae_vaults_little_ls,
          nicolae_vaults_corridor_and_loot_room,
          nicolae_vaults_storage_closets_3, layout_vaults_ring
Vaults:5
Crypt:1:  grunt_deathspiral_small, layout_basic, grunt_crypt_arrival_webbed
Crypt:2:  layout_misc_corridors, corner_web_ring, small_statue_intersection
Crypt:3:  due_elkab, layout_chaotic_city, nicolae_tomb_entry_grand_gallery
Tomb:1
Tomb:2
Tomb:3
Depths:1: grunt_double_whammy, layout_twisted_cross, hell_entry,
          abyss_entry_flame_altar, rand_demon_pan_entry_3,
          minmay_misc_feat_square, chequers_serial_rivers_marsh,
          serial_sigils_hangedman_gnaw, minmay_guarded_unrand_zonguldrok
Depths:2: minmay_triangles_in_corner, layout_honeycomb, serial_shops, shop,
          hell_entry, pan_entry, minmay_misc_feat_ornament,
          minmay_tree_intersection, kennysheep_inner_square,
          minmay_staircase_windowed_small
Depths:3: minmay_the_grid_3x2 [minmay_the_grid_garden, minmay_the_grid_x,
          minmay_the_grid_box_x, minmay_the_grid_all_tris,
          minmay_the_grid_embedded, minmay_the_grid_prize_trominoes],
          layout_cave_pools, enter_ziggurat_d, grunt_hell_entry_dis_old,
          infiniplex_staircase_star, minmay_room_of_horrors
Depths:4: grunt_zot_entry_bicorn, layout_cave_pools, pan_entry, hell_entry,
          serial_shops, nicolae_shop_tiny_real_fake_doors, minmay_crystal_room,
          st_stairs_4
Hell
Dis:1:    layout_regular_city, nicolae_hells_seeping_fissure
Dis:2:    layout_subdivisions
Dis:3:    layout_subdivisions
Dis:4:    layout_subdivisions, hangedman_dis_chains
Dis:5:    layout_regular_city
Dis:6:    layout_jigsaw
Dis:7:    dis_grunt_layers
Coc:1:    layout_cocytus_delve
Coc:2:    layout_cocytus_water_paths
Coc:3:    layout_ice_bergs
Coc:4:    layout_ice_bergs
Coc:5:    layout_ice_bergs
Coc:6:    layout_cocytus_water_paths
Coc:7:    coc_old
Tar:1:    layout_grid_maze
Tar:2:    layout_grid_maze
Tar:3:    layout_honeycomb, nicolae_tar_liches_on_tour
Tar:4:    layout_grid_maze
Tar:5:    layout_honeycomb
Tar:6:    layout_honeycomb, nicolae_tar_honey_chapel
Tar:7:    tar_minmay_river
Zot:1:    gammafunk_dig_for_victory, layout_basic, grunt_megastairs_5,
          uniq_parghit, uniq_vv
Zot:2:    layout_cathedral_of_symmetry, uniq_tiamat
Zot:3:    layout_twisted_circle, ebering_ghost_gozag
Zot:4:    layout_cellular_growth
Zot:5:    layout_gridville

Skill      XL: |  1  2  3  4  5  6  7  8  9 10 11 12 13 14 15 16 17 18 19 20 21 22 23 24 25 26 27 |
---------------+----------------------------------------------------------------------------------+-----
Spellcasting   | 3 4 5 7 8 9 10 12 14 16 17 18 19 20 26 | 26.2
Conjurations   | 5 8 9 12 14 | 14.6
Hexes          | 5 |  5.4
Armour         | 2 5 6 19 | 19.5
Summonings     | 7 11 13 17 19 22 25 27 | 27.0
Fighting       | 7 8 11 18 19 21 26 | 26.2
Dodging        | 6 9 21 | 21.5
Stealth        | 4 14 | 14.8
Ice Magic      | 2 5 6 |  6.5
Shields        | 6 12 14 18 | 18.6
Translocations | 3 |  3.2
Fire Magic     | 6 15 19 24 | 24.6
Necromancy     | 18 | 18.1
Maces & Flails | 5 |  5.2

Action                     |  1- 3 |  4- 6 |  7- 9 | 10-12 | 13-15 | 16-18 | 19-21 | 22-24 | 25-27 || total
---------------------------+-------+-------+-------+-------+-------+-------+-------+-------+-------++-------
  Melee: Flail             |       |    20 |    11 |       |       |       |       |       |       ||    31
         Dagger            |       |       |    13 |       |       |       |       |       |       ||    13
         Glaive            |       |       |    27 |     6 |    34 |     9 |       |       |       ||    76
         Staff             |       |       |     2 |       |       |       |     7 |     5 |    28 ||    42
         War axe           |       |       |       |       |       |     2 |     1 |       |       ||     3
  Throw: Boomerang         |     5 |       |       |       |       |       |       |       |       ||     5
         Dart              |       |       |     1 |       |       |       |       |       |       ||     1
   Cast: Magic Dart        |    19 |    23 |     5 |    15 |       |       |       |       |       ||    62
         Searing Ray       |     7 |    41 |    71 |    61 |     4 |     2 |     1 |       |       ||   187
         Fulminant Prism   |       |       |    15 |    34 |     5 |     2 |       |     1 |     1 ||    58
         Orb of Destructio |       |       |       |    52 |    34 |    69 |    69 |    15 |   430 ||   669
         Iskenderun's Myst |       |       |       |     8 |    11 |    21 |     9 |       |    55 ||   104
         Spellforged Servi |       |       |       |    14 |   144 |    78 |    86 |     7 |   123 ||   452
         Freezing Cloud    |       |       |       |     8 |    19 |     9 |    13 |    11 |     2 ||    62
         Summon Horrible T |       |       |       |       |     6 |   121 |   144 |   211 |   168 ||   650
         Malign Gateway    |       |       |       |       |       |     1 |       |     4 |    19 ||    24
         Dragon's Call     |       |       |       |       |       |       |     1 |    19 |   126 ||   146
         Ignition          |       |       |       |       |       |       |       |       |   299 ||   299
         Blink             |       |       |       |       |       |       |       |       |     3 ||     3
         Fire Storm        |       |       |       |       |       |       |       |       |    67 ||    67
         Borgnjor's Revivi |       |       |       |       |       |       |       |       |     1 ||     1
Ability: Word of Chaos     |       |       |       |       |       |       |       |       |     1 ||     1
  Evoke: Wand              |       |       |     3 |     1 |       |     1 |       |     1 |     5 ||    11
         Phantom mirror    |       |       |       |     2 |       |     1 |       |       |       ||     3
         Figurine of a zig |       |       |       |       |       |       |       |       |     1 ||     1
    Use: Potion            |     1 |       |     1 |     1 |     6 |     4 |     3 |     7 |    87 ||   110
         Scroll            |       |       |     9 |    10 |    11 |    12 |     6 |     2 |    50 ||   100
   Stab: Distracted        |       |       |       |       |       |       |       |       |     1 ||     1
         Sleeping          |       |       |       |       |       |       |       |       |     1 ||     1
 Armour: Robe              |     6 |       |       |       |       |       |    33 |    70 |   199 ||   308
         Ring mail         |     1 |       |       |       |       |       |       |       |       ||     1
         Swamp dragon scal |       |    53 |    74 |     7 |       |       |       |       |       ||   134
         Steam dragon scal |       |       |       |    43 |   121 |    92 |    53 |       |       ||   309
  Dodge: Dodged            |    10 |    50 |    63 |    75 |   184 |   141 |   117 |   104 |   406 ||  1150
  Block: Kite shield       |       |       |       |       |       |    30 |   210 |   163 |   316 ||   719
         Tower shield      |       |       |       |       |       |       |       |       |   402 ||   402
         Reflection        |       |       |       |       |       |       |       |       |    23 ||    23
